 Dungeon Crawl Stone Soup version 0.30.1-4-g462c640d31 (webtiles) character file.

Game seed: 2266034585375933685

1036506 spardeous the Metallomancer (level 27, -12/225 HPs)
             Began as a Demigod Conjurer on Aug 24, 2023.
             Killed from afar by a wendigo (24 damage)
             ... with a seracfall
             ... on level 3 of Cocytus on Aug 26, 2023.
             The game lasted 07:09:12 (153518 turns).

spardeous the Metallomancer (Demigod Conjurer)    Turns: 153518, Time: 07:09:12

Health: -12/225    AC: 32    Str: 30    XL:     27
Magic:  17/56      EV: 22    Int: 38    God:
Gold:   4714       SH: 29    Dex: 22    Spells: 4/70 levels left

rFire   + + +        j - +18 lance "Wyrmbane" {slay drac, rPois rF+ rC+ AC+3}
rCold   + + .        U - +7 tower shield of the Stag {rElec rF++ rCorr Dex+2}
rNeg    + + +        r - +7 chain mail "Pit Ydo" {rN+ Regen+}
rPois   +            M - +2 helmet "Hoah" {+Blink rF- rC++ Regen+}
rElec   +            W - scarf {repulsion}
rCorr   +            L - +1 pair of gloves of the Louse {rF+ Int+3}
SInv    +            m - +2 pair of boots
Will    ++...        X - amulet of magic regeneration
Stlth   ++           v - ring of Xalaicuw {rF+ Str-2 Int+5 Slay+5 SInv}
HPRegen 0.00/turn    Y - ring "Beto" {rN++ Int+6}
MPRegen 0.75/turn

%: repel missiles
@: inhibited regen, studying 2 skills, unable to drink
A: high MP 1, forlorn, divine attributes, deformed body, deterioration 1, frail
1, sense surroundings 1, screaming 1, inhibited regeneration, cold vulnerability
1, heat vulnerability 1
}: 10/15 runes: serpentine, barnacled, slimy, silver, abyssal, demonic, glowing,
magical, fiery, dark
a: Evoke Blink


You were on level 3 of Cocytus.
You visited 13 branches of the dungeon, and saw 59 of its levels.
You visited Pandemonium 3 times, and saw 17 of its levels.
You visited the Abyss 2 times.
You also visited: Sewer, Ossuary, Gauntlet, Ice Cave and Desolation.

You collected 12367 gold pieces.
You spent 7653 gold pieces at shops.

Inventory:

Hand Weapons
 j - the +18 lance "Wyrmbane" (weapon) {slay drac, rPois rF+ rC+ AC+3}
   (You bought it in a shop on level 2 of the Orcish Mines)

   AC:        It affects your AC (+3).
   rF:        It protects you from fire.
   rC:        It protects you from cold.
   rPois:     It protects you from poison.
Armour
 a - the +0 mask of the Dragon {Will+ Slay+3 SInv}
   (You found it on level 2 of the Vaults)

   Slay:      It affects your accuracy & damage with ranged weapons and melee
   (+3).
   SInv:      It lets you see invisible.
   Will:      It increases your willpower.
 d - the +8 tower shield "Qoixif" {Regen+ Int-4 SInv}
   (You took it off a daeva in Pandemonium)

   Int:       It affects your intelligence (-4).
   SInv:      It lets you see invisible.
   Regen:     It increases your rate of health regeneration.
 m - a +2 pair of boots (worn)
 r - the +7 chain mail "Pit Ydo" (worn) {rN+ Regen+}
   (You found it on level 5 of the Vaults)

   rN:        It protects you from negative energy.
   Regen:     It increases your rate of health regeneration.
 B - the +8 plate armour of the Moon Troll {rElec rPois rC- Regen+}
   (You acquired it in Pandemonium)

   rC:        It makes you vulnerable to cold.
   rElec:     It insulates you from electricity.
   rPois:     It protects you from poison.
   Regen:     It increases your rate of health regeneration.
 L - the +1 pair of gloves of the Louse (worn) {rF+ Int+3}
   (You found it on level 5 of the Vaults)

   Int:       It affects your intelligence (+3).
   rF:        It protects you from fire.
 M - the +2 helmet "Hoah" (worn) {+Blink rF- rC++ Regen+}
   (You found it in the Desolation of Salt)

   rF:        It makes you vulnerable to fire.
   rC:        It greatly protects you from cold.
   +Blink:    It lets you blink.
   Regen:     It increases your rate of health regeneration.
 T - +2 pearl dragon scales
 U - the +7 tower shield of the Stag (worn) {rElec rF++ rCorr Dex+2}
   (You took it off a daeva in Pandemonium)

   Dex:       It affects your dexterity (+2).
   rF:        It greatly protects you from fire.
   rElec:     It insulates you from electricity.
   rCorr:     It protects you from acid and corrosion.
 W - a scarf of repulsion (worn)
Magical Staves
 A - the staff of earth "Ketzawell" {Contam rElec rPois Str+5}
   (You found it in Pandemonium)

   [staff of earth]

   Base accuracy: +5 Base damage: 5 Base attack delay: 1.2 This weapon's minimum
   attack delay (0.6) is reached at skill level 12.
   Str:       It affects your strength (+5).
   rElec:     It insulates you from electricity.
   rPois:     It protects you from poison.
   Contam:    It causes magical contamination when unequipped.
   It falls into the 'Staves' category.
   It is a one-handed weapon.
Jewellery
 b - the ring "Cucolol" {rC+ MP+9}
   (You found it on level 5 of the Lair of Beasts)

   [ring of magical power]

   rC:        It protects you from cold.
   MP:        It affects your magic capacity (+9).
 g - the ring "Noaq" {Wiz Slay+5}
   (You took it off a balrug in Pandemonium)

   [ring of wizardry]

   It improves your spell success rate.
   Slay:      It affects your accuracy & damage with ranged weapons and melee
   (+5).
 u - the dreamshard necklace {*Dream Drain}
   (You took it off a yaktaur on level 1 of the Vaults)

   [amulet of nothing]

   *Dream:    It shatters if its wearer takes lethal or near-lethal damage,
   preventing the blow and releasing protective dreams that heal and fight for
   the wearer.
   Drain:     It drains your maximum health when unequipped.
 v - the ring of Xalaicuw (left hand) {rF+ Str-2 Int+5 Slay+5 SInv}
   (You bought it in a shop on level 1 of the Depths)

   [ring of protection from fire]

   Str:       It affects your strength (-2).
   Int:       It affects your intelligence (+5).
   Slay:      It affects your accuracy & damage with ranged weapons and melee
   (+5).
   rF:        It protects you from fire.
   SInv:      It lets you see invisible.
 D - the ring "Miqibb" {rCorr Int+4 Dex+3 Slay+4}
   (You found it on level 1 of the Realm of Zot)

   [ring of slaying]

   Int:       It affects your intelligence (+4).
   Dex:       It affects your dexterity (+3).
   Slay:      It affects your accuracy & damage with ranged weapons and melee
   (+4).
   rCorr:     It protects you from acid and corrosion.
 K - the ring of the Heron {rElec rPois rC+++ Str+6 Dex-5}
   (You found it on level 5 of the Vaults)

   [ring of strength]

   Str:       It affects your strength (+6).
   Dex:       It affects your dexterity (-5).
   rC:        It renders you almost immune to cold.
   rElec:     It insulates you from electricity.
   rPois:     It protects you from poison.
 R - the ring "Qaeqoel" {Drain rF+ Will++ Str+3 Dex+3}
   (You found it on level 1 of the Crypt)

   [ring of protection from fire]

   Str:       It affects your strength (+3).
   Dex:       It affects your dexterity (+3).
   rF:        It protects you from fire.
   Drain:     It drains your maximum health when unequipped.
   Will:      It greatly increases your willpower.
 S - the ring of Qucahago {Wiz rElec rN+ rCorr Str-5}
   (You took it off a balrug in Pandemonium)

   [ring of wizardry]

   It improves your spell success rate.
   Str:       It affects your strength (-5).
   rElec:     It insulates you from electricity.
   rN:        It protects you from negative energy.
   rCorr:     It protects you from acid and corrosion.
 X - an amulet of magic regeneration (around neck)
 Y - the ring "Beto" (right hand) {rN++ Int+6}
   (You acquired it on level 6 of the Dungeon)

   [ring of intelligence]

   Int:       It affects your intelligence (+6).
   rN:        It greatly protects you from negative energy.
Wands
 q - a wand of digging (21)
 Q - a wand of iceblast (67)
 V - a wand of quicksilver (81)
Scrolls
 e - 2 scrolls of brand weapon
 f - 4 scrolls of enchant armour
 i - 17 scrolls of teleportation
 k - 11 scrolls of amnesia
 s - 6 scrolls of silence
 z - 11 scrolls of fog
 C - 16 scrolls of fear
 I - 7 scrolls of poison
 J - 2 scrolls of magic mapping
 O - 14 scrolls of immolation
 Z - 6 scrolls of summoning
Potions
 c - 14 potions of flight
 h - 7 potions of resistance
 l - 41 potions of curing
 n - 3 potions of mutation
 o - 19 potions of lignification
 p - 11 potions of heal wounds
 t - 18 potions of might
 w - a potion of haste
 x - 13 potions of ambrosia
 E - 5 potions of cancellation
 F - 4 potions of invisibility
 G - 5 potions of magic
 H - 15 potions of brilliance
 P - 3 potions of berserk rage
Miscellaneous
 N - a box of beasts


   Skills:
 - Level 21.2 Fighting
 - Level 21.0 Polearms
 - Level 20.1 Armour
 - Level 18.7 Dodging
 + Level 9.9 Stealth
 - Level 16.6 Shields
 - Level 22.2 Spellcasting
 - Level 11.3 Conjurations
 - Level 11.4 Necromancy
 - Level 11.0 Translocations
 - Level 5.0 Transmutations
 - Level 24.0 Earth Magic
 - Level 8.1 Poison Magic


You had 4 spell levels left.
You knew the following spells:

 Your Spells              Type           Power      Damage    Failure   Level
a - Iron Shot             Conj/Erth      54%        9d10      1%          6
b - Olgreb's Toxic Radia  Pois           81%        N/A       1%          4
c - Iskenderun's Mystic   Conj/Tloc      91%        2d18      1%          4
d - Statue Form           Tmut/Erth      67%        N/A       1%          6
e - Leda's Liquefaction   Hex/Erth       46%        N/A       1%          4
f - Borgnjor's Vile Clut  Necr/Erth      54%        N/A       1%          5
g - Fulminant Prism       Conj/Hex       35%        3d18      2%          4
h - Passage of Golubria   Tloc           90%        N/A       1%          4
i - Stone Arrow           Conj/Erth      100%       3d13      0%          3
j - Ignite Poison         Fire/Tmut/Pois 66%        N/A       1%          3
k - Yara's Violent Unrav  Hex/Tmut       28%        3d12      24%         5
n - Iskenderun's Battles  Conj           91%        2d14      1%          5
q - Shatter               Erth           61%        3d45*     13%         9
x - Manifold Assault      Tloc           90%        N/A       1%          4

Your spell library contained the following spells:

 Spells                   Type           Power      Damage    Failure   Level
 Sandblast                Erth           100%       2d20      0%          1
 Passwall                 Tmut/Erth      84%        N/A       0%          2
 Apportation              Tloc           100%       N/A       1%          1
 Beastly Appendage        Tmut           100%       N/A       1%          1
 Kiss of Death            Conj/Necr      100%       2d13      1%          1
 Magic Dart               Conj           100%       1d8       1%          1
 Shock                    Conj/Air       100%       1d9       1%          1
 Sting                    Tmut/Pois      100%       1d8       1%          1
 Blink                    Tloc           100%       N/A       1%          2
 Cigotuvi's Dreadful Rot  Necr/Pois/Air  100%       N/A       1%          2
 Lesser Beckoning         Tloc           100%       N/A       1%          2
 Momentum Strike          Conj/Tloc      100%       3d10      1%          2
 Poisonous Vapours        Pois/Air       100%       N/A       1%          2
 Searing Ray              Conj           100%       2d8       1%          2
 Static Discharge         Conj/Air       100%       2-7/arc   1%          2
 Wereblood                Tmut           69%        N/A       1%          2
 Dazzling Flash           Conj/Hex       100%       N/A       1%          3
 Gell's Gravitas          Tloc           90%        N/A       1%          3
 Hailstorm                Conj/Ice       71%        3d15      1%          3
 Mephitic Cloud           Conj/Pois/Air  75%        N/A       1%          3
 Portal Projectile        Hex/Tloc       100%       N/A       1%          3
 Spider Form              Tmut/Pois      75%        N/A       1%          3
 Teleport Other           Tloc           90%        N/A       1%          3
 Vhi's Electric Charge    Tloc/Air       100%       N/A       1%          3
 Volatile Blastmotes      Fire/Tloc      100%       2d18      1%          3
 Animate Armour           Summ/Erth      100%       N/A       1%          4
 Animate Dead             Necr           91%        N/A       1%          4
 Dispel Undead            Necr           91%        3d29      1%          4
 Slow                     Hex            100%       N/A       2%          1
 Summon Small Mammal      Summ           100%       N/A       2%          1
 Anguish                  Hex/Necr       35%        N/A       2%          4
 Flame Wave               Conj/Fire      71%        2d16      2%          4
 Sticky Flame             Conj/Fire      71%        2d8       2%          4
 Call Imp                 Summ           84%        N/A       3%          2
 Ensorcelled Hibernation  Hex/Ice        84%        N/A       3%          2
 Call Canine Familiar     Summ           42%        N/A       8%          3
 Confusing Touch          Hex            42%        N/A       8%          3
 Frozen Ramparts          Ice            84%        1d13      8%          3
 Inner Flame              Hex/Fire       42%        N/A       8%          3
 Summon Guardian Golem    Hex/Summ       42%        N/A       8%          3
 Swiftness                Air            42%        N/A       8%          3
 Tukima's Dance           Hex            42%        N/A       8%          3
 Ice Form                 Ice/Tmut       57%        N/A       9%          4
 Airstrike                Air            21%        2d(3-19)  26%         4
 Cause Fear               Hex            21%        N/A       26%         4
 Summon Ice Beast         Ice/Summ       42%        N/A       26%         4
 Summon Lightning Spire   Summ/Air       42%        N/A       26%         4
 Lee's Rapid Deconstruct  Erth           61%        3d28*     0%          5
 Agony                    Necr           91%        N/A       1%          5
 Irradiate                Conj/Tmut      40%        3d25      2%          5
 Death Channel            Necr           45%        N/A       3%          6
 Alistair's Intoxication  Tmut/Pois      50%        N/A       4%          5
 Dispersal                Tloc           45%        N/A       4%          6
 Arcjolt                  Conj/Air       35%        1d45      7%          5
 Fireball                 Conj/Fire      35%        3d15      7%          5
 Summon Forest            Summ/Tloc      35%        N/A       7%          5
 Blade Hands              Tmut           34%        N/A       9%          5
 Lehudib's Crystal Spear  Conj/Erth      54%        10d13     12%         8
 Freezing Cloud           Conj/Ice/Air   31%        6-21      14%         5
 Orb of Destruction       Conj           45%        9d12      21%         7
 Eringya's Noxious Bog    Tmut/Pois      37%        N/A       26%         6
 Simulacrum               Ice/Necr       35%        N/A       36%         6
 Starburst                Conj/Fire      35%        6d10      36%         6
 Silence                  Hex/Air        21%        N/A       56%         5
 Summon Mana Viper        Hex/Summ       42%        N/A       56%         5
 Borgnjor's Revivificati  Necr           45%        N/A       83%         8
 Infestation              Necr           45%        N/A       83%         8
 Haunt                    Necr/Summ      35%        N/A       90%         7
 Malign Gateway           Summ/Tloc      35%        N/A       91%         7
 Spellforged Servitor     Conj/Summ      35%        N/A       91%         7
 Dragon Form              Tmut           34%        N/A       95%         7
 Plasma Beam              Fire/Air       21%        2x1d36    98%         6
 Summon Cactus Giant      Summ           21%        N/A       98%         6
 Enfeeble                 Hex            21%        N/A       100%        7
 Ozocubu's Refrigeration  Ice            21%        4d12      100%        7
 Storm Form               Tmut/Air       28%        N/A       100%        7
 Summon Hydra             Summ           21%        N/A       100%        7
 Ignition                 Fire           21%        3d8       100%        8
 Maxwell's Capacitive Co  Air            21%        ∞         100%        8
 Summon Horrible Things   Summ           21%        N/A       100%        8
 Death's Door             Necr           45%        N/A       100%        9
 Dragon's Call            Summ           21%        N/A       100%        9
 Fire Storm               Conj/Fire      35%        8d9       100%        9
 Polar Vortex             Ice            21%        N/A       100%        9


Dungeon Overview and Level Annotations

Branches:
Dungeon (15/15)            Temple (0/1) D:5            Lair (5/5) D:11
 Shoals (4/4) Lair:3        Snake (4/4) Lair:3        Slime (5/5) Lair:4
    Orc (2/2) D:11            Elf (3/3) Orc:2        Vaults (5/5) D:14
  Crypt (3/3) Vaults:2       Tomb (0/3) Crypt:3      Depths (4/4) D:15
   Hell (visited)             Dis (0/7) Hell            Geh (0/7) Hell
    Coc (3/7) Hell            Tar (0/7) Hell            Zot (5/5) Depths:4
  Sewer (visited)         Ossuary (visited)           IceCv (visited)
Desolation (visited)      Gauntlet (visited)

Shops:
D:6 ?   Orc:1 (   Orc:2 =:((*   Elf:2 =   Elf:3 *   Snake:4 :!!*   Vaults:2 *
Depths:1 *([(=   Depths:4 :=*(

Portals:
Hell: Depths:1 Depths:2 Depths:3 Depths:4
Abyss: Depths:3
Pandemonium: Depths:2
Ziggurat: Depths:3

Annotations:
Shoals:1 6 transporters
Zot:5 1 runed translucent door, exclusions: door and 5 more exclusions, wingedge's ghost, master DgWn


Innate Abilities, Weirdness & Mutations

You have an increased reservoir of magic. (+10% MP)
You shall have no god before yourself.
Your divine heritage dramatically boosts your attributes as you level up.
Armour fits poorly on your strangely shaped body.
Your body sometimes deteriorates upon taking damage.
You are frail. (-10% HP)
You passively map a small area around you.
You occasionally shout uncontrollably at your foes.
You do not regenerate when monsters are visible.
You are vulnerable to cold. (rC-)
You are vulnerable to heat. (rF-)


Message History

The zombie hands constrict the elemental wellspring!!
The titan struggles to escape constriction.
Water spirits pour forth from the elemental wellspring!
Unknown command.
The zombie hands constrict the titan!
The zombie hands constrict the elemental wellspring.
The water elemental disappears in a puff of smoke!
The titan waves its arms in wide circles.
The air twists around and strikes you.
* * * LOW HITPOINT WARNING * * *
The elemental wellspring struggles to escape constriction.
You take 5 damage, and have 18/225 hp.
Blink to where?
Press: ? - help, Dir - move target, p - titan
As you read the scroll of blinking, it crumbles to dust.
The zombie hands constrict the titan!
You kill the titan!
The zombie hands constrict the elemental wellspring!
The wendigo howls!
The elemental wellspring escapes!
You block the water elemental's attack.
The wendigo gestures.
The titan simulacrum collapses into a mass of ice!
The mass of ice explodes!
The seracfall engulfs the wendigo!!
The wendigo partially resists.
The seracfall engulfs you. You partially resist.
* * * LOW HITPOINT WARNING * * *
You block the caustic shrike simulacrum's attack.
You take 6 damage, and have 12/225 hp.
Blink to where?
Press: ? - help, Dir - move target
As you read the scroll of blinking, it crumbles to dust.
The wendigo fires a burst of electricity at you.
The stunning burst misses you.
You can't go down here!
You can't go down here!
The wendigo fires a burst of electricity at you.
The stunning burst misses you.
The wendigo gestures.
The caustic shrike simulacrum collapses into a mass of ice!
The mass of ice explodes!
The seracfall engulfs you!! You partially resist.
You die...

* ≈≈≈≈.........≈≈≈≈
#≈≈≈≈≈≈≈≈≈#.........#≈.
#≈≈≈≈≈≈≈≈≈............#
#≈≈≈≈≈≈≈≈≈...~~~.~~...#
#≈≈#≈≈≈≈≈≈≈..~##~###~.#
≈≈≈≈≈≈≈≈≈....~#*###~.#
#≈≈≈≈≈#Z##~~~# ##...
#≈≈≈≈≈≈≈E~~R## #~~..
*#≈≈≈@≈.≈☼~~~######~..
#≈≈≈≈.....R.~##~#~~~..
#≈≈≈≈≈≈##..#EE~~9~~~...
##≈≈≈≈≈....≈~~~.E.....
#≈≈≈≈≈≈.≈≈E≈~~E≈≈≈..#.
#≈≈..≈≈≈≈≈≈.~≈≈≈≈≈..≈.
*≈≈≈≈.≈≈≈≈..≈≈≈≈≈≈≈§≈≈≈
#≈≈≈≈≈.≈...≈≈≈≈≈##≈≈≈≈≈
* ≈....≈≈≈##≈#≈≈≈≈≈≈


You could see 2 wendigos, an elemental wellspring, 3 water elementals and a dire
elephant simulacrum.

Vanquished Creatures
  Cerebov (Pan)
  the Royal Jelly (Slime:5)
  Gloorx Vloq (Pan)
  Lom Lobon (Pan)
  A seraph (Pan)
  Mnoleg (Pan)
  4 dread liches (Zot:5)
  Mennas (Crypt:2)
  2 orbs of fire
  3 ancient liches
  Mara (Vaults:4)
  3 juggernauts
  The ghost of Adanaf the Conqueror, a master MiBe of Trog (Zot:2)
  Sojobo (Vaults:2)
  5 Killer Klowns
  7 shard shrikes
  Saint Roka (Vaults:2)
  10 caustic shrikes
  Frederick (Vaults:5)
  Geryon (Hell)
  A curse toe (Zot:4)
  10 golden dragons
  Jory (Crypt:3)
  A bone dragon (Depths:4)
  2 pearl dragons (Pan)
  Nikola (Elf:1)
  12 pandemonium lords (Pan)
  6 electric golems
  4 Tzitzimimeh (Pan)
  9 Brimstone Fiends (Pan)
  2 hellephants
  2 walking crystal tomes (Depths:3)
  Jorgrun (D:14)
  Zenata (Elf:1)
  25 Orb Guardians (Zot:5)
  22 tentacled monstrosities
  15 Hell Sentinels (Pan)
  6 liches
  6 Ice Fiends
  Asterion (Elf:2)
  A walking frostbound tome (Depths:3)
  A walking divine tome (Depths:2)
  5 titans
  6 deep elf blademasters
  5 deep elf master archers (Elf:3)
  4 quicksilver dragons
  A kraken (Shoals:4)
  Murray (Depths:2)
  36 Executioners (Pan)
  Polyphemus (Shoals:4)
  22 acid blobs
  2 ancient champions
  A tentacled starspawn (Abyss:5)
  8 death cobs
  15 tengu reavers
  7 sphinxes
  Frances (Elf:1)
  Kirke (Lair:4)
  7 shadow dragons
  11 rockslimes
  19 storm dragons
  13 draconian monks
  13 azure jellies
  13 demonspawn warmongers (Pan)
  3 revenants
  9 nagarajas
  Roxanne (D:15)
  12 frost giants
  6 draconian knights
  36 daevas (Pan)
  12 vault wardens
  10 deep elf sorcerers
  6 fire giants
  A nargun (Coc:2)
  6 draconian scorchers
  3 imperial myrmidons (Desolation)
  Aizul (Snake:2)
  4 iron dragons
  Louise (Shoals:4)
  2 deep elf elementalists
  11 ghost moths
  7 ghouls
  33 balrugs
  4 draconian shifters
  A spriggan defender (Depths:2)
  3 orc warlords
  3 curse skulls
  14 very ugly things
  52 angels (Pan)
  A shard shrike simulacrum (Coc:3)
  A broodmother (shapeshifter) (Abyss:6)
  17 ironbound preservers
  5 demonspawn corrupters (Pan)
  26 cacodemons
  34 reapers
  4 draconian stormcallers
  8 demonspawn blood saints (Pan)
  16 stone giants
  10 quicksilver oozes
  The ghost of sunglassesatnite the Bludgeoner, a journeyman MiBe of Trog (Lair:5)
  9 draconian annihilators
  10 vampire knights
  A caustic shrike skeleton (Pan)
  37 ophanim (Pan)
  6 ironbound thunderhulks
  Nessos (D:12)
  7 war gargoyles
  2 elemental wellsprings (Coc:1)
  A deep elf demonologist (Vaults:5)
  7 demonspawn black suns (Pan)
  63 apis (Pan)
  19 black draconians
  A halazid warlock (Desolation)
  Azrael (Elf:1)
  2 wendigos
  8 purple draconians
  8 yellow draconians
  11 white draconians
  9 green draconians
  A minotaur (Gauntlet)
  12 red draconians
  22 lorocyprocas
  3 spark wasps
  8 deep elf annihilators
  14 ettins
  15 dire elephants
  23 green deaths
  10 eidola
  A quicksilver dragon zombie (Hell)
  2 merfolk javelineers (Shoals:4)
  24 blizzard demons
  A mummy priest (Crypt:3)
  4 deep elf high priests
  Josephine (D:14)
  3 crystal guardians
  12 jiangshi
  6 ragged hierophants (Desolation)
  Snorg (Orc:2)
  8 fire dragons
  12 yaktaur captains
  2 spectral quicksilver dragons (Crypt:3)
  3 iron golems (Hell)
  9 deep elf death magi
  An entropy weaver (shapeshifter) (Vaults:5)
  An entropy weaver (Vaults:4)
  2 great orbs of eyes (shapeshifter) (Abyss:6)
  5 merfolk impalers
  6 great orbs of eyes
  A fire dragon (shapeshifter) (Depths:2)
  8 rakshasas
  2 spectral spriggans (Crypt:3)
  2 servants of whispers (Desolation)
  6 peacekeepers
  8 ice dragons
  6 hell beasts
  7 hydras
  A caustic shrike simulacrum (Coc:2)
  38 vault guards
  6 ironbound frosthearts
  6 anacondas
  2 juggernaut simulacra (Coc:1)
  3 catoblepae
  10 spriggan air magi
  5 boulder beetles
  5 ogre magi
  A spriggan skeleton (Hell)
  A jorogumo (shapeshifter) (Depths:3)
  2 salamander tyrants (Snake:4)
  3 merfolk aquamancers (Shoals:4)
  5 merfolk avatars
  An alligator snapping turtle (Shoals:3)
  12 centaur warriors
  3 satyrs
  A spectral stone giant (Crypt:3)
  2 fenstrider witch skeletons (Pan)
  The ghost of turdburglar the Fighter, a novice DsGl of Gozag (D:8)
  14 two-headed ogres
  A boulder beetle (shapeshifter) (Vaults:5)
  29 dancing weapons
  3 orc high priests (Orc:2)
  Urug (Orc:1)
  8 hell hogs
  A death knight (Crypt:2)
  12 tengu warriors
  8 vampire magi
  22 naga warriors
  9 deep troll earth magi
  18 naga sharpshooters
  Sonja (D:10)
  5 death yaks
  105 sun demons
  13 deep elf knights
  A spectral dire elephant (Crypt:3)
  6 holy swine (Pan)
  15 skeletal warriors
  3 spectral storm dragons (Crypt:3)
  8 spriggan berserkers
  8 thrashing horrors
  11 hell knights
  A shock serpent (shapeshifter) (Vaults:5)
  6 shock serpents
  60 soul eaters
  5 skysharks
  2 titan skeletons (Pan)
  4 iron trolls
  A spectral catoblepas (Crypt:3)
  9 shadow wraiths
  4 salamander mystics
  Lodul (D:13)
  14 sea snakes
  40 sixfirhies
  35 cherubim (Pan)
  5 glowing orange brains
  4 spriggan simulacra
  A death drake (Gauntlet)
  A golden dragon skeleton (Crypt:2)
  12 flayed ghosts
  A spectral iron dragon (Crypt:3)
  2 storm dragon skeletons (Pan)
  4 bog bodies
  14 phantasmal warriors
  An orb spider (shapeshifter) (Depths:2)
  A spectral anaconda (Crypt:3)
  37 deep trolls
  7 naga ritualists
  3 quicksilver dragon simulacra
  23 ironbound convokers
  6 shadow demons (Pan)
  31 deep elf pyromancers
  9 wizards
  A swamp dragon (shapeshifter) (Vaults:5)
  3 lindwurms
  2 obsidian statues
  2 bunyip skeletons
  9 deep elf archers
  A harpy (shapeshifter) (D:15)
  4 necromancers
  Pikel (D:5)
  4 anaconda skeletons
  11 orc knights
  2 fenstrider witch simulacra
  8 mana vipers
  2 shadow dragon skeletons (Pan)
  7 orc sorcerers
  13 fauns
  23 harpies
  2 oklob plants (Abyss:5)
  A wolf spider (D:14)
  35 ugly things
  15 manticores
  29 deep elf zephyrmancers
  9 shining eyes
  16 salamanders
  11 cyclopes
  A draconian skeleton (Pan)
  A salamander (shapeshifter) (Elf:1)
  A guardian serpent (shapeshifter) (Abyss:6)
  24 moths of wrath
  5 spectral centaurs
  4 merfolk sirens
  An eleionoma skeleton (Crypt:2)
  16 vault sentinels
  8 elephants (Lair:5)
  11 rust devils
  2 stone giant skeletons (Pan)
  An ice statue (Hell)
  10 naga magi
  A water nymph (shapeshifter) (Depths:3)
  Joseph (D:9)
  2 elephants (shapeshifter)
  10 molten gargoyles
  2 torpor snails
  33 black mambas
  6 guardian serpents
  69 smoke demons
  A centaur zombie (Gauntlet)
  4 gargoyles
  A white draconian zombie (Crypt:1)
  25 demonic crawlers
  3 water nymphs
  32 orange demons
  An eye of devastation (Slime:5)
  3 storm dragon simulacra
  2 centaur skeletons (Pan)
  2 sea snake zombies
  3 dire elephant skeletons
  A cane toad (shapeshifter) (D:14)
  8 unseen horrors (Abyss:6)
  An unseen horror (shapeshifter) (Abyss:6)
  13 rime drakes
  28 freezing wraiths
  8 hellions
  Maggie (D:8)
  3 anaconda simulacra
  An alligator snapping turtle skeleton (Pan)
  12 efreet
  24 yaktaurs
  7 cane toads
  6 tengu conjurers
  7 tormentors
  An orb spider zombie (Crypt:3)
  A kobold demonologist (D:12)
  11 komodo dragons
  2 golden dragon simulacra (IceCv)
  2 spectral harpies (Crypt:3)
  A white draconian skeleton (Crypt:1)
  A death yak skeleton (Crypt:3)
  6 guardian mummies (Crypt:3)
  A red draconian skeleton (Crypt:1)
  6 red devils
  10 ice devils
  7 trolls
  47 hellwings (Pan)
  A queen bee (Lair:5)
  3 hydra zombies (Hell)
  6 polar bears
  A troll (shapeshifter) (Elf:1)
  28 merfolk
  An iron troll skeleton (Crypt:2)
  A meliai (Lair:5)
  9 hornets
  19 blink frogs
  10 snapping turtles
  An alligator zombie (Hell)
  33 saltlings (Desolation)
  Grinder (D:5)
  2 harpy skeletons
  15 dream sheep
  An ettin zombie (Crypt:1)
  A hydra skeleton (Pan)
  A raiju (shapeshifter) (Depths:1)
  A jumping spider (shapeshifter) (D:14)
  73 large abominations
  2 jumping spiders
  A stone giant simulacrum (Coc:1)
  148 slime creatures
  21 flying skulls
  A fire dragon skeleton (Crypt:3)
  3 ettin skeletons
  2 centaur simulacra
  15 spriggans
  6 shadows
  6 air elementals
  2 culicivoras (Vaults:5)
  A wyvern (Lair:5)
  A spriggan (shapeshifter) (Elf:1)
  A vampire (D:13)
  56 ynoxinuls (Pan)
  2 black mamba skeletons (Pan)
  51 yaks
  An alligator skeleton (Hell)
  5 fire elementals
  4 hogs (Lair:4)
  13 wraiths
  An ice dragon skeleton (Pan)
  2 dire elephant simulacra
  5 water elementals
  42 chaos spawn
  Grum (D:9)
  8 golden eyes
  5 minotaur simulacra (IceCv)
  7 humans (D:14)
  3 basilisks
  An alligator snapping turtle simulacrum (Coc:1)
  2 redbacks (Vaults:5)
  8 steam dragons (Lair:3)
  31 neqoxecs
  2 wargs (Vaults:2)
  Menkaure (D:5)
  42 nagas
  7 vampire mosquitoes
  A small abomination (Abyss:5)
  Edmund (D:6)
  6 harpy simulacra
  3 floating eyes
  3 acid dragons
  Duvessa (D:6)
  7 hell hounds
  15 water moccasins
  A spectral hornet (Gauntlet)
  A meliai simulacrum (D:15)
  5 naga skeletons (Pan)
  A hornet zombie (Crypt:1)
  2 alligator simulacra (IceCv)
  A sky beast (shapeshifter) (D:14)
  6 black bears
  31 wolves
  29 orc warriors
  3 ettin simulacra
  An ogre (shapeshifter) (Elf:3)
  16 ogres
  6 boggarts
  18 centaurs
  3 lemures (D:5)
  2 phantoms (D:5)
  13 kobold brigands
  A hog skeleton (Crypt:2)
  12 bullfrogs
  A necrophage (Crypt:2)
  4 water moccasin zombies (Ossuary)
  A komodo dragon skeleton (Crypt:3)
  2 gnoll sergeants
  4 scorpions
  4 deep troll simulacra (IceCv)
  An earth elemental (Elf:2)
  4 wights (D:8)
  Dowan (D:6)
  2 troll zombies (D:11)
  8 killer bees
  6 howler monkeys
  5 electric eels
  6 hounds
  2 lava snakes (D:7)
  A basilisk zombie (Crypt:2)
  4 jellies
  18 orc priests
  A gnoll bouda (D:7)
  5 sleepcaps
  2 starcursed masses (Abyss:5)
  A black bear skeleton (Crypt:2)
  24 orc wizards
  A human skeleton (Crypt:2)
  8 iguanas
  6 hell rats (Hell)
  5 lightning spires (Zot:1)
  6 ogre zombies (D:11)
  A deep dwarf skeleton (Crypt:1)
  2 mummies (Ossuary)
  Robin (D:4)
  A howler monkey skeleton (Crypt:3)
  10 gnolls
  An adder (shapeshifter) (Depths:3)
  11 adders
  A river rat (D:4)
  A swamp drake skeleton (Crypt:1)
  2 white imps (D:6)
  A worm zombie (Crypt:3)
  6 adder zombies (Ossuary)
  3 worms
  A dart slug (D:5)
  97 orcs
  12 ball pythons
  10 endoplasms
  14 giant cockroaches
  15 goblins
  10 hobgoblins
  4 jackals (D:4)
  11 quokkas
  7 bats
  10 frilled lizards
  3 goblin skeletons (D:11)
  9 hobgoblin zombies
  16 kobolds
  6 kobold zombies (Ossuary)
  2 orc skeletons (D:11)
  20 orc zombies
  4 rats
  4 ball lightnings
  A fulminant prism (Slime:5)
  2 lurking horrors (Abyss:6)
  2 tentacles (Shoals:4)
3996 creatures vanquished.

Vanquished Creatures (collateral kills)
  An ancient lich (Zot:5)
  2 orbs of fire (Zot:5)
  A tentacled monstrosity (Zot:5)
  A death cob (Zot:5)
5 creatures vanquished.

Vanquished Creatures (others)
  A lich (Pan)
  A titan (Pan)
  An eldritch tentacle (Pan)
  A draconian scorcher (Zot:2)
  A ghost moth (Zot:1)
  2 shard shrike simulacra (Coc:3)
  A draconian shifter (Zot:1)
  A draconian annihilator (Pan)
  3 demonspawn blood saints (Pan)
  A black draconian (Zot:1)
  2 deep elf annihilators (Pan)
  2 blizzard demons (Pan)
  2 green deaths (Pan)
  A vault guard (D:14)
  A caustic shrike simulacrum (Coc:3)
  A spriggan air mage (Pan)
  A deep elf knight (Elf:1)
  A shock serpent (Zot:1)
  A wretched star (Abyss:5)
  A quicksilver dragon simulacrum (Coc:3)
  A glowing orange brain (Pan)
  3 wizards (Pan)
  A moth of wrath (Zot:2)
  2 smoke demons (Pan)
  A titan simulacrum (Coc:3)
  A rime drake (Lair:3)
  A bunyip simulacrum (Coc:1)
  A hellwing (Pan)
  A raiju (Zot:1)
  A slime creature (Vaults:4)
  A ynoxinul (Pan)
  2 steam dragons (Lair:3)
  2 chaos spawn (Pan)
  2 harpy simulacra (Coc:3)
  An ettin simulacrum (Coc:3)
  10 ball lightnings
  2 foxfires (Abyss:5)
  70 fulminant prisms
  6 starspawn tentacles
  5 tentacles (Shoals:4)
140 creatures vanquished.

Grand Total: 4141 creatures vanquished

Notes
Turn   | Place    | Note
-------+----------+-------------------------------------------
     0 | D:1      | spardeous the Demigod Conjurer began the quest for the Orb.
     0 | D:1      | Reached XP level 1. HP: 14/14 MP: 5/5
   733 | D:1      | Reached XP level 2. HP: 20/20 MP: 4/7
  1004 | D:2      | Learned a level 2 spell: Searing Ray
  1270 | D:2      | Reached XP level 3. HP: 26/26 MP: 4/8
  1393 | D:2      | Reached skill level 5 in Conjurations
  1600 | D:2      | Reached XP level 4. HP: 33/33 MP: 1/9
  2335 | D:3      | Identified the +0 scale mail "Iraum" {+Inv rC+++ rN+ Dex-4}
  3404 | D:4      | Identified the +2 robe of Polish {rElec rPois Will++ rCorr}
  3490 | D:4      | Noticed Robin
  3519 | D:4      | Killed Robin
  3520 | D:4      | Reached XP level 5. HP: 29/38 MP: 6/10
  3779 | D:4      | Found a glowing drain.
  3783 | Sewer    | Entered a sewer
  4623 | Sewer    | Reached XP level 6. HP: 40/45 MP: 5/11
  5305 | D:5      | Entered Level 5 of the Dungeon
  5548 | D:5      | Reached XP level 7. HP: 50/50 MP: 0/12
  5667 | D:5      | Noticed Grinder
  5673 | D:5      | Paralysed by Grinder for 4 turns
  5679 | D:5      | Killed Grinder
  6178 | D:5      | Found a staircase to the Ecumenical Temple.
  6384 | D:5      | Noticed Pikel
  6395 | D:5      | Killed Pikel
  6396 | D:5      | Reached skill level 10 in Conjurations
  6396 | D:5      | Reached XP level 8. HP: 56/57 MP: 4/13
  6396 | D:5      | Noticed Menkaure
  6409 | D:5      | HP: 1/57 [Menkaure (9)]
  6412 | D:5      | Killed Menkaure
  7008 | D:5      | Learned a level 4 spell: Iskenderun's Mystic Blast
  7271 | D:5      | Reached skill level 5 in Spellcasting
  7681 | D:6      | Reached XP level 9. HP: 62/62 MP: 12/20
  7708 | D:6      | Noticed Duvessa
  7710 | D:6      | Noticed Dowan
  7778 | D:6      | Found a sand-covered staircase.
  7785 | Ossuary  | Entered an ossuary
  8270 | Ossuary  | Reached skill level 1 in Translocations
  8787 | D:6      | Noticed Edmund
 10703 | D:8      | Noticed Maggie
 11578 | D:9      | Reached XP level 10. HP: 69/69 MP: 13/25
 12078 | D:9      | Noticed Grum
 12087 | D:9      | Killed Grum
 12088 | D:9      | Reached skill level 5 in Translocations
 12354 | D:9      | Noticed Joseph
 12364 | D:9      | Killed Joseph
 12623 | D:10     | Entered Level 10 of the Dungeon
 12623 | D:10     | Noticed a two-headed ogre
 12631 | D:10     | Killed a two-headed ogre
 12761 | D:10     | Noticed a two-headed ogre
 12777 | D:10     | Killed a two-headed ogre
 13292 | D:10     | Noticed Sonja
 13309 | D:10     | Killed Sonja
 14725 | D:6      | Found Eshryeshe's Magic Scroll Boutique.
 14729 | D:6      | Bought a scroll of identify for 28 gold pieces
 14729 | D:6      | Bought a scroll of identify for 28 gold pieces
 14907 | D:6      | Killed Duvessa
 14921 | D:6      | Killed Dowan
 15413 | D:6      | Found Eshryeshe's Magic Scroll Boutique.
 15550 | D:6      | Killed Edmund
 16128 | D:8      | Found a runed translucent gate.
 16128 | D:8      | Found a runed translucent gate.
 16128 | D:8      | Found a runed translucent gate.
 16130 | D:8      | Noticed turdburglar's ghost (novice DsGl)
 16211 | D:8      | Reached XP level 11. HP: 70/74 MP: 29/29
 16333 | D:8      | Killed Maggie
 17413 | D:11     | Reached skill level 10 in Spellcasting
 18580 | D:11     | Found a staircase to the Orcish Mines.
 18714 | D:11     | Found a staircase to the Lair.
 19196 | D:12     | Noticed Nessos
 19250 | Lair:1   | Entered Level 1 of the Lair of Beasts
 20066 | Lair:1   | Reached skill level 10 in Translocations
 20088 | Lair:1   | Identified the +0 leather armour "Ynothi" {rCorr Str+3}
 20254 | Lair:1   | Reached XP level 12. HP: 56/81 MP: 15/31
 21128 | Lair:2   | Reached skill level 1 in Armour
 22235 | Lair:3   | Found a staircase to the Snake Pit.
 22243 | Lair:3   | Reached skill level 5 in Armour
 22409 | Lair:3   | Noticed a boulder beetle
 22701 | Lair:3   | Killed a boulder beetle
 22850 | Lair:3   | Noticed a catoblepas
 22860 | Lair:3   | Killed a catoblepas
 23003 | Lair:3   | Found a staircase to the Shoals.
 23089 | Lair:3   | Noticed a seven-headed hydra
 23093 | Lair:3   | Reached skill level 1 in Shields
 23095 | Lair:3   | Killed a seven-headed hydra
 23576 | Lair:3   | Found a staircase to the Shoals.
 24116 | Lair:4   | Reached skill level 5 in Dodging
 24116 | Lair:4   | Found a staircase to the Slime Pits.
 24231 | Lair:4   | Reached XP level 13. HP: 41/86 MP: 13/33
 24412 | Lair:3   | Learned a level 6 spell: Statue Form
 24772 | Lair:4   | Noticed Kirke
 24779 | Lair:4   | Killed Kirke
 25155 | Lair:5   | Entered Level 5 of the Lair of Beasts
 25442 | Lair:5   | Reached skill level 5 in Shields
 26129 | Lair:5   | Reached skill level 1 in Fighting
 26380 | Lair:5   | Identified the ring "Cucolol" {rC+ MP+9}
 26621 | Lair:5   | Reached skill level 5 in Fighting
 26639 | Lair:5   | Reached XP level 14. HP: 95/108 MP: 5/34
 26941 | Lair:5   | Identified the +2 quarterstaff of Cowardice {antimagic,
                  | rF+}
 27227 | Lair:5   | Noticed sunglassesatnite's ghost (journeyman MiBe)
 27232 | Lair:5   | Found a transporter.
 27236 | Lair:5   | Found a transporter.
 27785 | Lair:5   | Found a transporter.
 27790 | Lair:5   | Found a transporter.
 28277 | Lair:5   | Killed sunglassesatnite's ghost
 28479 | Orc:1    | Entered Level 1 of the Orcish Mines
 28561 | Orc:1    | Found Jiqoda Fegh's Antique Weapon Boutique.
 28573 | Orc:1    | Reached skill level 1 in Transmutations
 28573 | Orc:1    | Reached skill level 1 in Earth Magic
 28604 | Orc:1    | Noticed Urug
 28623 | Orc:1    | Killed Urug
 28899 | Orc:2    | Entered Level 2 of the Orcish Mines
 28938 | Orc:2    | Found Lexasasu's Firing Range.
 28960 | Orc:2    | Found a gate leading to a gauntlet.
 28992 | Orc:2    | Reached skill level 2 in Earth Magic
 29001 | Gauntlet | Entered a Gauntlet
 29001 | Gauntlet | Found a transporter.
 29001 | Gauntlet | Found a transporter.
 29010 | Gauntlet | Found a transporter.
 29020 | Gauntlet | Found a transporter.
 29110 | Gauntlet | Found a transporter.
 29122 | Gauntlet | Found a transporter.
 29135 | Gauntlet | Found a transporter.
 29141 | Gauntlet | Found a transporter.
 29155 | Gauntlet | Found a transporter.
 29161 | Gauntlet | Found a transporter.
 29164 | Gauntlet | Found a transporter.
 29165 | Gauntlet | Found a transporter.
 29432 | Gauntlet | Reached skill level 3 in Earth Magic
 29450 | Gauntlet | Identified the +2 hat "Icudgh" {Str+3}
 29452 | Gauntlet | Identified the +4 scale mail of Prudence {+Blink Will++
                  | rCorr Int-5}
 29507 | Gauntlet | Identified the +5 sling "Peanlerio" {heavy, Fragile rC-
                  | rCorr Dex+5 Stlth+}
 29507 | Gauntlet | Identified the +1 great mace "Pendulum" {heavy, rF- Str+5
                  | SInv}
 29518 | Gauntlet | Identified the ring of Affeuxzo {rElec rC+ rCorr Dex+6}
 29633 | Orc:2    | Reached skill level 4 in Earth Magic
 29891 | Orc:2    | Found Ibbebama's General Store.
 29891 | Orc:2    | Found Aqeunar's Jewellery Shop.
 30102 | Orc:2    | Found Yqiap's Weapon Emporium.
 30102 | Orc:2    | Found Hehoacui's Book Emporium.
 30109 | Orc:2    | Bought the +8 lance "Wyrmbane" {slay drac, rPois rF+ rC+
                  | AC+3} for 888 gold pieces
 30109 | Orc:2    | Found the +8 lance "Wyrmbane" {slay drac, rPois rF+ rC+
                  | AC+3}
 30236 | Orc:2    | Noticed Snorg
 30237 | Orc:2    | Found a staircase to the Elven Halls.
 30253 | Orc:2    | Killed Snorg
 30254 | Orc:2    | Reached skill level 1 in Polearms
 30765 | Orc:2    | Found Adeqocydacw's Assorted Antiques.
 31033 | Orc:2    | Bought the Parchment of Posthumous Impulse for 612 gold
                  | pieces
 31043 | Orc:2    | Learned a level 5 spell: Borgnjor's Vile Clutch
 31050 | Orc:2    | Learned a level 5 spell: Borgnjor's Vile Clutch
 31056 | Orc:2    | Learned a level 3 spell: Stone Arrow
 31061 | Orc:2    | Learned a level 4 spell: Leda's Liquefaction
 31067 | Orc:2    | Learned a level 5 spell: Borgnjor's Vile Clutch
 31075 | Orc:2    | Bought 2 scrolls of identify for 44 gold pieces
 31758 | D:12     | Reached skill level 1 in Necromancy
 32475 | D:13     | Noticed Lodul
 32494 | D:13     | Killed Lodul
 32860 | D:13     | Reached XP level 15. HP: 121/121 MP: 34/35
 33568 | D:14     | Noticed Josephine
 33581 | D:14     | Killed Josephine
 34081 | D:14     | Found a huge runed gate.
 34081 | D:14     | Found a huge runed gate.
 34081 | D:14     | Found a huge runed gate.
 34081 | D:14     | Found a huge runed gate.
 34081 | D:14     | Found a huge runed gate.
 34082 | D:14     | Found a huge runed gate.
 34144 | D:14     | Found a huge runed gate.
 34144 | D:14     | Found a huge runed gate.
 34145 | D:14     | Found a huge runed gate.
 34146 | D:14     | Found a huge runed gate.
 34152 | D:14     | Found a huge runed gate.
 34152 | D:14     | Found a huge runed gate.
 34152 | D:14     | Found a huge runed gate.
 34152 | D:14     | Found a huge runed gate.
 34152 | D:14     | Found a huge runed gate.
 34152 | D:14     | Found a huge runed gate.
 34153 | D:14     | Found a huge runed gate.
 34154 | D:14     | Found a huge runed gate.
 34155 | D:14     | Found a huge runed gate.
 34196 | D:14     | Found a huge runed gate.
 34196 | D:14     | Found a huge runed gate.
 34196 | D:14     | Found a huge runed gate.
 34196 | D:14     | Found a huge runed gate.
 34196 | D:14     | Found a huge runed gate.
 34196 | D:14     | Found a huge runed gate.
 34197 | D:14     | Found a huge runed gate.
 34198 | D:14     | Found a huge runed gate.
 34199 | D:14     | Found a huge runed gate.
 34502 | D:14     | Found a huge runed gate.
 34503 | D:14     | Found a huge runed gate.
 34504 | D:14     | Found a huge runed gate.
 34505 | D:14     | Found a huge runed gate.
 34513 | D:14     | Found a huge runed gate.
 34562 | D:14     | Found a huge runed gate.
 34563 | D:14     | Found a huge runed gate.
 34563 | D:14     | Found a huge runed gate.
 34571 | D:14     | Noticed Jorgrun
 34585 | D:14     | Killed Jorgrun
 34808 | D:14     | Noticed a fire giant
 34818 | D:14     | Killed a fire giant
 34998 | D:14     | Identified the +4 chain mail of Ankihoti {SInv}
 34998 | D:14     | Identified the ring "Gaga Lushruo" {Ice Int+3}
 35103 | D:14     | Found a gate to the Vaults.
 35326 | D:14     | Noticed a sphinx
 35326 | D:14     | Noticed a fire giant
 35336 | D:14     | Killed a sphinx
 37400 | D:14     | Killed a fire giant
 37755 | D:15     | Entered Level 15 of the Dungeon
 37934 | D:15     | Found a frozen archway.
 37952 | IceCv    | Entered an ice cave
 38115 | IceCv    | Learned a level 4 spell: Fulminant Prism
 38587 | IceCv    | Reached skill level 10 in Armour
 38587 | IceCv    | Reached XP level 16. HP: 124/127 MP: 28/39
 38743 | IceCv    | Identified the +7 ice dragon scales of the Lich-sworn {Fly
                  | rF- rC++}
 38866 | D:15     | Reached skill level 5 in Polearms
 39029 | D:15     | Identified Roxanne's Octavo of Silt
 39029 | D:15     | Noticed Roxanne
 39161 | D:15     | Killed Roxanne
 39434 | D:15     | Found a staircase to the Depths.
 39815 | D:15     | Found a staircase to the Depths.
 41431 | D:12     | Killed Nessos
 42076 | Snake:1  | Entered Level 1 of the Snake Pit
 42496 | Snake:1  | Reached skill level 5 in Necromancy
 44527 | Snake:2  | Noticed Aizul
 44537 | Snake:2  | Killed Aizul
 46204 | Snake:3  | Reached skill level 10 in Shields
 46834 | Snake:3  | Reached XP level 17. HP: 101/134 MP: 31/40
 47563 | Snake:4  | Entered Level 4 of the Snake Pit
 50027 | Snake:4  | Found Niarol's Book Shop.
 50282 | Snake:4  | Found Myneov's Distillery.
 50354 | Snake:4  | Found Vemeidisk's Distillery.
 50356 | Snake:4  | Found Onougam's Assorted Antiques.
 50360 | Snake:4  | Bought a potion of magic for 104 gold pieces
 50360 | Snake:4  | Bought a potion of heal wounds for 65 gold pieces
 50360 | Snake:4  | Bought a potion of heal wounds for 65 gold pieces
 50360 | Snake:4  | Bought a potion of magic for 104 gold pieces
 50870 | Snake:4  | Got a serpentine rune of Zot
 51087 | Snake:4  | Found Niarol's Book Shop.
 51181 | Snake:4  | Found Myneov's Distillery.
 51183 | Snake:4  | Found Vemeidisk's Distillery.
 51185 | Snake:4  | Found Onougam's Assorted Antiques.
 54555 | Depths:1 | Entered Level 1 of the Depths
 54641 | Depths:1 | Reached skill level 10 in Fighting
 56124 | Depths:1 | Found a gateway to Hell.
 57414 | Depths:1 | Found Sixopn's Assorted Antiques.
 57422 | Depths:1 | Bought 2 scrolls of blinking for 360 gold pieces
 57422 | Depths:1 | Bought a scroll of blinking for 180 gold pieces
 57642 | Depths:1 | Found Xushiowk's Antique Armour Emporium.
 57852 | Depths:1 | Found Vizautode's Jewellery Boutique.
 58198 | Depths:1 | Found Adic's Weapon Shop.
 58627 | Depths:1 | Found Sohetale's Antique Weapon Shoppe.
 58942 | Elf:1    | Entered Level 1 of the Elven Halls
 58946 | Elf:1    | Noticed Zenata
 59021 | Elf:1    | Killed Zenata
 59329 | Elf:1    | Reached skill level 10 in Polearms
 59887 | Elf:1    | Reached XP level 18. HP: 129/151 MP: 32/41
 60054 | Elf:1    | Got the Anthology of Support
 60735 | Elf:1    | Noticed Azrael
 60747 | Elf:1    | Killed Azrael
 60951 | Elf:1    | Noticed Frances
 60968 | Elf:1    | Killed Frances
 61131 | Elf:1    | Noticed Nikola
 61144 | Elf:1    | Killed Nikola
 61320 | Elf:1    | Paralysed by an air elemental for 1 turns
 61848 | Elf:2    | Found Keitio's Jewellery Boutique.
 61865 | Elf:2    | Paralysed by an air elemental for 1 turns
 62036 | Elf:2    | Paralysed by an air elemental for 1 turns
 62219 | Elf:2    | Found a runed translucent gate.
 62220 | Elf:2    | Found a runed translucent gate.
 62220 | Elf:2    | Found a runed translucent gate.
 62358 | Elf:2    | Paralysed by an air elemental for 1 turns
 62731 | Elf:2    | Noticed Asterion
 62775 | Elf:2    | Killed Asterion
 63638 | Elf:2    | Reached skill level 10 in Dodging
 64386 | Elf:2    | Found Keitio's Jewellery Boutique.
 65005 | Depths:1 | Bought the ring of Xalaicuw {rF+ Str-2 Int+5 Slay+5 SInv}
                  | for 762 gold pieces
 65019 | Depths:1 | Learned a level 4 spell: Olgreb's Toxic Radiance
 65033 | Depths:2 | Reached skill level 1 in Poison Magic
 66249 | Depths:2 | Reached skill level 5 in Transmutations
 66249 | Depths:2 | Reached skill level 5 in Earth Magic
 66414 | Depths:2 | Identified the +4 dagger of Offence {venom, rElec Int-5
                  | Dex+3}
 66611 | Depths:2 | Noticed a golden dragon
 66620 | Depths:2 | Killed a golden dragon
 66620 | Depths:2 | Noticed a juggernaut
 67076 | Depths:2 | Killed a juggernaut
 67243 | Depths:2 | Reached XP level 19. HP: 143/160 MP: 34/42
 67250 | Depths:2 | Paralysed by a vampire knight for 4 turns
 68263 | Depths:2 | Identified the ring "Danawk" {Wiz rCorr Str+5}
 68457 | Depths:2 | Noticed a juggernaut
 68497 | Depths:2 | Killed a juggernaut
 68498 | Depths:2 | Reached skill level 6 in Earth Magic
 68750 | Depths:2 | Learned a level 4 spell: Passage of Golubria
 68813 | Depths:2 | Noticed a juggernaut
 68838 | Depths:2 | HP: 4/160 [juggernaut (5)]
 69381 | Shoals:1 | Entered Level 1 of the Shoals
 69931 | Shoals:1 | Found a transporter.
 69932 | Shoals:1 | Found a transporter.
 70063 | Shoals:1 | Found a transporter.
 70070 | Shoals:1 | Found a transporter.
 70087 | Shoals:1 | Reached skill level 7 in Earth Magic
 70275 | Shoals:1 | Found a transporter.
 70277 | Shoals:1 | Found a transporter.
 70732 | Orc:2    | Bought a scarf of repulsion for 132 gold pieces
 71396 | Shoals:2 | Reached skill level 8 in Earth Magic
 71644 | Shoals:2 | Reached skill level 5 in Poison Magic
 73352 | Shoals:4 | Entered Level 4 of the Shoals
 73352 | Shoals:4 | Noticed Louise
 74070 | Abyss:2  | Cast into level 2 of the Abyss (Louise)
 74134 | Abyss:5  | Paralysed by accursed screaming for 1 turns
 74180 | Shoals:4 | Escaped the Abyss
 74186 | Shoals:4 | Killed Louise
 74452 | Shoals:4 | Got a barnacled rune of Zot
 74473 | Shoals:4 | Reached skill level 5 in Stealth
 74721 | Shoals:4 | Noticed Polyphemus
 74751 | Shoals:4 | Killed Polyphemus
 75002 | Shoals:4 | Got the Grimoire of Phantasms
 76365 | Elf:2    | Identified a scroll of acquirement
 76621 | D:6      | Bought a scroll of enchant armour for 105 gold pieces
 76621 | D:6      | Bought a scroll of enchant armour for 105 gold pieces
 76621 | D:6      | Bought a scroll of blinking for 105 gold pieces
 76621 | D:6      | Bought a scroll of blinking for 105 gold pieces
 76621 | D:6      | Acquired the ring "Beto" {rN++ Int+6}
 76783 | D:8      | Killed turdburglar's ghost
 77340 | Vaults:1 | Entered Level 1 of the Vaults
 77425 | Abyss:5  | Cast into level 5 of the Abyss (a wizard)
 77807 | Abyss:5  | Noticed a bone dragon
 77831 | Abyss:6  | Got an abyssal rune of Zot
 77836 | Abyss:6  | Noticed a bone dragon
 77841 | Abyss:6  | Reached XP level 20. HP: 82/173 MP: 7/43
 77850 | Vaults:1 | Escaped the Abyss
 78842 | Vaults:1 | Identified the +1 sling "Rummage" {heavy, *Corrode rN+
                  | Str-2 Dex+6}
 79472 | Vaults:1 | Got the Parchment of Scree
 80560 | Vaults:2 | Noticed Sojobo
 80564 | Vaults:2 | Paralysed by an air elemental for 1 turns
 80572 | Vaults:2 | Killed Sojobo
 80682 | Vaults:2 | Identified the +1 robe of Pischyc {+Blink}
 81225 | Vaults:2 | Found a staircase to the Crypt.
 81469 | Vaults:2 | Identified the +0 robe of the Blizzard {rElec Will+ SInv}
 81476 | Vaults:2 | Found the +0 mask of the Dragon {Will+ Slay+3 SInv}
 81534 | Vaults:2 | Identified the +2 robe "Nadiseut" {rElec Str-3 Int+6
                  | Archmagi}
 81565 | Vaults:2 | Found Guleyqim's Assorted Antiques.
 81629 | Vaults:2 | Bought a scroll of blinking for 217 gold pieces
 81671 | Vaults:2 | Noticed Saint Roka
 81693 | Vaults:2 | Killed Saint Roka
 82182 | Vaults:3 | Paralysed by a sphinx for 4 turns
 83454 | Vaults:3 | You fall into a shaft and drop 1 floor!
 83463 | Vaults:4 | Noticed a golden dragon
 83527 | Vaults:4 | Killed a golden dragon
 83528 | Vaults:4 | Reached XP level 21. HP: 143/180 MP: 34/45
 83573 | Vaults:4 | Noticed Mara
 83593 | Vaults:4 | Killed Mara
 83711 | Vaults:4 | Identified the +0 arbalest of the Viper {penet, rElec
                  | Int+3}
 83808 | Vaults:4 | Found a crumbling gateway.
 83856 | Vaults:4 | Gained mutation: You occasionally shout uncontrollably at
                  | your foes. [potion of mutation]
 83856 | Vaults:4 | Gained mutation: You are frail. (-10% HP) [potion of
                  | mutation]
 83857 | Vaults:4 | Lost mutation: You occasionally shout uncontrollably at
                  | your foes. [potion of mutation]
 83857 | Vaults:4 | Lost mutation: You are frail. (-10% HP) [potion of
                  | mutation]
 83857 | Vaults:4 | Gained mutation: Your muscles are strong. (Str +4, Int/Dex
                  | -1) [potion of mutation]
 83913 | Desolati | Entered the Desolation of Salt
 84696 | Desolati | Identified the amulet "Basmour" {Reflect Str+2 SH+5}
 84707 | Desolati | Identified the amulet "Paotib" {+Blink rElec Regen+ Str-5
                  | SInv}
 84806 | Desolati | Reached skill level 15 in Armour
 84815 | Desolati | Identified the ring of Daxie {rF+ rN+}
 84818 | Desolati | Got the Compilation of Pollution and Quicksand
 84820 | Desolati | Got Idax's Octavo of Variation
 84980 | Desolati | Found the +11 plutonium sword {Contam Stlth-}
 85074 | Desolati | Identified the +2 helmet "Hoah" {+Blink rF- rC++ Regen+}
 85078 | Desolati | Identified the +0 shortbow "Dewasype" {heavy, rN+ Int+4}
 85079 | Desolati | Identified the +5 scale mail of the Wilderness {rElec rC+++
                  | Will- Dex-4}
 85080 | Desolati | Identified the +0 ring mail of Tulips {Int+3 Dex+3}
 85252 | Desolati | Identified the +1 scimitar of Responsibility {speed, rC+
                  | Int-3 Dex+4}
 85258 | Desolati | Identified the +5 rapier of Qite {heavy, rElec}
 85885 | Vaults:4 | Learned a level 6 spell: Iron Shot
 85889 | Vaults:4 | Learned a level 3 spell: Stone Arrow
 86438 | Vaults:4 | Reached skill level 15 in Spellcasting
 87829 | Elf:3    | Entered Level 3 of the Elven Halls
 87996 | Elf:3    | Found Puin's Assorted Antiques.
 88651 | Elf:3    | Reached skill level 15 in Fighting
 88777 | Elf:3    | Reached skill level 15 in Polearms
 89022 | Elf:3    | Identified the +11 long sword of Pant {protect, rF+ rN++}
 89176 | Elf:3    | Found the +10 Black Knight's barding {ponderous, rPois rN+}
 89248 | Elf:3    | Identified the +0 plate armour of Hoisyuvo {+Blink rF-
                  | Str+5 Dex-3}
 89269 | Elf:3    | Got the Elucidation of Air and Soot
 89296 | Elf:3    | Got the Secrets of Trauma
 89319 | Elf:3    | Identified the +10 sling of Responsibility {antimagic,
                  | Int+4}
 89323 | Elf:3    | Identified the +5 quarterstaff of Guile {freeze, Fly rCorr
                  | Int-3 Dex+2}
 89847 | Vaults:5 | Entered Level 5 of the Vaults
 89865 | Vaults:5 | Reached XP level 22. HP: 124/192 MP: 5/47
 89993 | Vaults:5 | Noticed Frederick
 90011 | Vaults:5 | Killed Frederick
 90272 | Vaults:5 | Noticed an ancient lich
 90328 | Vaults:5 | Killed an ancient lich
 90539 | Vaults:5 | Identified the ring of the Heron {rElec rPois rC+++ Str+6
                  | Dex-5}
 90907 | Vaults:5 | Identified the +3 morningstar of Hahuloum {protect, *Rage
                  | rF+++ Int+3 SInv}
 90910 | Vaults:5 | Identified the +4 plate armour of Zyzem {rN++ Regen+ MP-9
                  | SInv}
 90911 | Vaults:5 | Identified the +7 chain mail "Pit Ydo" {rN+ Regen+}
 91141 | Vaults:5 | Reached skill level 15 in Shields
 91468 | Vaults:5 | Got the Octavo of Inconstant Left-Handed Words
 91470 | Vaults:5 | Got a silver rune of Zot
 91487 | Vaults:5 | Identified the +1 war axe "Kissoag" {heavy, *Rage rN++ SInv
                  | Stlth+}
 91680 | Vaults:5 | Identified the staff of poison "Jurghos" {rElec rPois
                  | Will+}
 91682 | Vaults:5 | Identified the staff of poison "Waserpha" {*Corrode rElec
                  | rPois Int+5}
 91755 | Vaults:5 | Reached skill level 9 in Earth Magic
 91825 | Vaults:5 | Identified the +6 mace of Soft Purpose {flame, Int+3}
 91827 | Vaults:5 | Identified the +1 pair of gloves of the Louse {rF+ Int+3}
 92117 | Vaults:5 | Learned a level 3 spell: Ignite Poison
 92752 | Depths:2 | Found a one-way gate leading to the halls of Pandemonium.
 92879 | Depths:2 | Noticed a caustic shrike
 92887 | Depths:2 | Killed a caustic shrike
 92888 | Depths:2 | Reached skill level 10 in Earth Magic
 93881 | Depths:2 | Found a one-way gate leading to the halls of Pandemonium.
 93937 | Hell     | Entered the Vestibule of Hell
 93937 | Hell     | Noticed Geryon
 94008 | Hell     | Noticed Murray
 94088 | Depths:2 | Killed Murray
 94382 | Hell     | Killed Geryon
 94551 | Hell     | Reached skill level 11 in Earth Magic
 95079 | Hell     | Found a gateway to the ashen valley of Gehenna.
 95362 | Hell     | Found a gateway to the decaying netherworld of Tartarus.
 95485 | Hell     | Found a gateway to the freezing wastes of Cocytus.
 95640 | Hell     | Found a gateway to the Iron City of Dis.
 95738 | Hell     | Found a gateway to the Iron City of Dis.
 95788 | Hell     | Found a gateway to the ashen valley of Gehenna.
 95839 | Hell     | Found a gateway to the decaying netherworld of Tartarus.
 95930 | Hell     | Found a gateway to the freezing wastes of Cocytus.
 96066 | Depths:3 | Found a one-way gateway to a ziggurat.
 96326 | Depths:3 | Reached XP level 23. HP: 165/199 MP: 32/48
 96337 | Depths:3 | Killed a juggernaut
 96899 | Depths:3 | Identified the ring "Foynasof" {Ice rElec Will+}
 97363 | Depths:3 | Found a one-way gate to the infinite horrors of the Abyss.
 97637 | Depths:4 | Entered Level 4 of the Depths
 97692 | Depths:4 | Found Ilod's Antique Weapon Shop.
 97692 | Depths:4 | Found Ycvown's Book Boutique.
 97693 | Depths:4 | Found Qocutirgh's General Store.
 97695 | Depths:4 | Found Gihaqum's Jewellery Boutique.
 97697 | Depths:4 | Bought a scroll of teleportation for 69 gold pieces
 97697 | Depths:4 | Bought 2 potions of curing for 138 gold pieces
 97898 | Depths:4 | Bought a manual of Fighting for 1280 gold pieces
 97975 | Depths:4 | Found a gate to the Realm of Zot.
 98522 | Depths:4 | Reached skill level 12 in Earth Magic
 99641 | Crypt:1  | Entered Level 1 of the Crypt
100266 | Crypt:1  | Identified the ring "Qaeqoel" {Drain rF+ Will++ Str+3
                  | Dex+3}
100772 | Crypt:2  | Reached skill level 13 in Earth Magic
100890 | Crypt:2  | Identified the +0 pair of boots "Michiq" {MP+9}
101277 | Crypt:2  | Noticed Mennas
101303 | Crypt:2  | Killed Mennas
101420 | Crypt:3  | Entered Level 3 of the Crypt
101468 | Crypt:2  | Reached XP level 24. HP: 70/214 MP: 21/48
102215 | Crypt:3  | Reached skill level 14 in Earth Magic
102327 | Crypt:3  | Got Gurilit's Octavo of Misery
103058 | Crypt:3  | Noticed Jory
103081 | Crypt:3  | Killed Jory
103299 | Crypt:3  | Found a staircase to the Tomb.
103667 | Crypt:3  | Found the brooch of Shielding {Spirit SH+8}
103678 | Crypt:3  | Identified the +0 leather armour of Dishonesty {rN++ Int+3
                  | Stlth-}
103681 | Crypt:3  | Identified the ring "Utuxuum" {rF+ rC+ rN+}
103681 | Crypt:3  | Identified the ring "Arhedec" {rF+ rN+ Int+6}
104183 | Zot:1    | Entered Level 1 of the Realm of Zot
104507 | Zot:1    | Reached skill level 15 in Earth Magic
104885 | Zot:1    | Identified the ring "Miqibb" {rCorr Int+4 Dex+3 Slay+4}
106838 | Zot:1    | Identified the staff of earth "Peiv Evo" {rC+}
106873 | Zot:2    | Noticed a Killer Klown
106880 | Zot:2    | Reached skill level 16 in Earth Magic
106899 | Zot:2    | Killed a Killer Klown
107497 | Zot:2    | Found a runed translucent door.
107498 | Zot:2    | Noticed Adanaf's ghost (master MiBe)
107884 | Zot:3    | Reached XP level 25. HP: 215/230 MP: 49/49
108281 | Zot:3    | Reached skill level 17 in Earth Magic
108728 | Zot:3    | Noticed an orb of fire
108729 | Zot:3    | Gained mutation: You are vulnerable to cold. (rC-) [an orb
                  | of fire]
108729 | Zot:3    | Gained mutation: Armour fits poorly on your strangely
                  | shaped body. [an orb of fire]
108744 | Zot:3    | Gained mutation: You are clumsy. (Dex -2) [an orb of fire]
108746 | Zot:3    | Gained mutation: Your body sometimes deteriorates upon
                  | taking damage. [an orb of fire]
108758 | Zot:3    | Killed an orb of fire
108763 | Zot:3    | Reached skill level 18 in Earth Magic
108826 | Zot:3    | Identified the +0 chain mail of Ukauropn {rN+}
110161 | Zot:5    | Entered Level 5 of the Realm of Zot
110400 | Zot:5    | Found a runed translucent door.
110400 | Zot:5    | Noticed wingedge's ghost (master DgWn)
110658 | Zot:5    | Noticed an ancient lich
110671 | Zot:5    | Killed an ancient lich
111736 | Zot:5    | Noticed a dread lich
111745 | Zot:5    | Killed a dread lich
113176 | Zot:5    | Noticed a dread lich
113184 | Zot:5    | Killed a dread lich
113207 | Zot:5    | Noticed an orb of fire
113223 | Zot:5    | Killed an orb of fire
113434 | Zot:5    | Noticed a dread lich
113451 | Zot:5    | Killed a dread lich
113492 | Zot:5    | Noticed a dread lich
113509 | Zot:5    | Killed a dread lich
113575 | Zot:5    | Noticed an orb of fire
113586 | Zot:5    | Gained mutation: You are very vulnerable to cold. (rC--)
                  | [an orb of fire]
113587 | Zot:5    | Killed an orb of fire
113767 | Zot:5    | Noticed an ancient lich
113815 | Zot:5    | Reached XP level 26. HP: 239/239 MP: 43/52
113852 | Zot:5    | Killed an ancient lich
113889 | Zot:5    | Noticed an orb of fire
113900 | Zot:5    | Noticed an ancient lich
113900 | Zot:5    | Killed an orb of fire
113901 | Zot:5    | Reached skill level 19 in Earth Magic
113909 | Zot:5    | Killed an ancient lich
114147 | Zot:4    | Learned a level 9 spell: Shatter
114514 | Slime:1  | Entered Level 1 of the Pits of Slime
114706 | Slime:2  | Gained mutation: You expend magic power (3 MP) to
                  | strengthen your wands. [a shining eye]
115469 | Slime:1  | Gained mutation: You occasionally lose the ability to read
                  | scrolls when taking damage. [a shining eye]
116218 | Slime:4  | Reached skill level 20 in Earth Magic
116268 | Slime:3  | Gained mutation: You occasionally lose the ability to drink
                  | potions when taking damage. [a shining eye]
116795 | Slime:5  | Entered Level 5 of the Pits of Slime
116865 | Slime:5  | Noticed the Royal Jelly
117155 | Slime:3  | Gained mutation: You have hidden genetic defects.
                  | [mutagenic glow]
117501 | Slime:3  | Lost mutation: Your body sometimes deteriorates upon taking
                  | damage. [potion of mutation]
117501 | Slime:3  | Lost mutation: You are very vulnerable to cold. (rC--)
                  | [potion of mutation]
117501 | Slime:3  | Lost mutation: Your muscles are strong. (Str +4, Int/Dex
                  | -1) [potion of mutation]
117501 | Slime:3  | Gained mutation: You have terrible hidden genetic defects.
                  | [potion of mutation]
117501 | Slime:3  | Gained mutation: Your mind is acute. (Int +4, Str/Dex -1)
                  | [potion of mutation]
117501 | Slime:3  | Gained mutation: You have sharp toenails. [potion of
                  | mutation]
117503 | Slime:3  | Lost mutation: You occasionally lose the ability to drink
                  | potions when taking damage. [potion of mutation]
117503 | Slime:3  | Lost mutation: Armour fits poorly on your strangely shaped
                  | body. [potion of mutation]
117503 | Slime:3  | Lost mutation: Your mind is acute. (Int +4, Str/Dex -1)
                  | [potion of mutation]
117503 | Slime:3  | Gained mutation: Your muscles are strong. (Str +4, Int/Dex
                  | -1) [potion of mutation]
117504 | Slime:3  | Lost mutation: You expend magic power (3 MP) to strengthen
                  | your wands. [potion of mutation]
117504 | Slime:3  | Lost mutation: You are clumsy. (Dex -2) [potion of
                  | mutation]
117504 | Slime:3  | Lost mutation: You have sharp toenails. [potion of
                  | mutation]
117505 | Slime:3  | Lost mutation: You occasionally lose the ability to read
                  | scrolls when taking damage. [potion of mutation]
117505 | Slime:3  | Lost mutation: You have terrible hidden genetic defects.
                  | [potion of mutation]
117505 | Slime:3  | Lost mutation: Your muscles are strong. (Str +4, Int/Dex
                  | -1) [potion of mutation]
117505 | Slime:3  | Gained mutation: You have a somewhat thin skeletal
                  | structure. (Dex +2, Stealth+) [potion of mutation]
117505 | Slime:3  | Gained mutation: You are partially covered in large bone
                  | plates. (SH +4) [potion of mutation]
117505 | Slime:3  | Gained mutation: You do not regenerate when monsters are
                  | visible. [potion of mutation]
117506 | Slime:3  | Lost mutation: You are partially covered in large bone
                  | plates. (SH +4) [potion of mutation]
117506 | Slime:3  | Lost mutation: You have hidden genetic defects. [potion of
                  | mutation]
117506 | Slime:3  | Lost mutation: You have a somewhat thin skeletal structure.
                  | (Dex +2, Stealth+) [potion of mutation]
117506 | Slime:3  | Gained mutation: You have sharp toenails. [potion of
                  | mutation]
117507 | Slime:3  | Lost mutation: You do not regenerate when monsters are
                  | visible. [potion of mutation]
117507 | Slime:3  | Lost mutation: You are vulnerable to cold. (rC-) [potion of
                  | mutation]
117507 | Slime:3  | Lost mutation: You have sharp toenails. [potion of
                  | mutation]
117507 | Slime:3  | Gained mutation: You are robust. (+10% HP) [potion of
                  | mutation]
117550 | Slime:4  | Learned a level 5 spell: Iskenderun's Battlesphere
117558 | Slime:4  | Learned a level 4 spell: Animate Armour
118267 | Slime:5  | Killed the Royal Jelly
118268 | Slime:5  | Reached skill level 15 in Dodging
118480 | Slime:5  | Gained mutation: You occasionally lose the ability to drink
                  | potions when taking damage. [a shining eye]
118482 | Slime:5  | Gained mutation: You are somewhat resistant to further
                  | mutation. [a shining eye]
118563 | Slime:5  | Identified the staff of cold "Nog Ump" {rPois rC+}
118569 | Slime:5  | Identified the amulet of Pecra Qew {Reflect rPois MP+9
                  | SH+5}
118583 | Slime:5  | Identified the +10 hand axe of the Establishment {drain,
                  | rC+}
118586 | Slime:5  | Identified the +3 scale mail of Aged {rC++ Regen+ rCorr
                  | Int-3}
118587 | Slime:5  | Identified the +0 robe "Ceawaapsyph" {Harm SInv}
118588 | Slime:5  | Identified the +3 quarterstaff of the Eternal Void {heavy,
                  | *Rage rC+ Str+3}
118601 | Slime:5  | Got the Collected Works on the Faeries
118621 | Slime:5  | Identified the amulet "Renut" {Spirit Rampage}
118623 | Slime:5  | Got a slimy rune of Zot
119484 | Slime:5  | Lost mutation: You are robust. (+10% HP) [potion of
                  | mutation]
119484 | Slime:5  | Lost mutation: You are somewhat resistant to further
                  | mutation. [potion of mutation]
119484 | Slime:5  | Lost mutation: You occasionally lose the ability to drink
                  | potions when taking damage. [potion of mutation]
119484 | Slime:5  | Gained mutation: You are robust. (+10% HP) [potion of
                  | mutation]
119484 | Slime:5  | Gained mutation: You are partially covered in iridescent
                  | scales. (AC +2) [potion of mutation]
119484 | Slime:5  | Gained mutation: Your spells are a little harder to cast,
                  | but a little more powerful. [potion of mutation]
120172 | Pan      | Entered Pandemonium
120760 | Pan      | Noticed Moumienk the pandemonium lord
120788 | Pan      | Killed Moumienk the pandemonium lord
120866 | Pan      | Got a demonic rune of Zot
121192 | Pan      | Noticed Jumoilifa the pandemonium lord
121217 | Pan      | Killed Jumoilifa the pandemonium lord
122117 | Pan      | Acquired the +8 plate armour of the Moon Troll {rElec rPois
                  | rC- Regen+}
122565 | Pan      | Noticed Larasaim the pandemonium lord
122582 | Pan      | Killed Larasaim the pandemonium lord
123204 | Pan      | Reached XP level 27. HP: 258/270 MP: 52/52
123277 | Pan      | Found an exit through the horrors of the Abyss.
123295 | Pan      | Gained mutation: You are weak. (Str -2) [a cacodemon]
123322 | Pan      | Gained mutation: You are dopey. (Int -2) [a cacodemon]
123325 | Pan      | Noticed Hepriec the pandemonium lord
123435 | Pan      | Gained mutation: You are very weak. (Str -4) [a cacodemon]
123443 | Pan      | Gained mutation: You are very robust. (+20% HP) [a
                  | cacodemon]
123517 | Pan      | Killed Hepriec the pandemonium lord
123850 | Pan      | Learned a level 4 spell: Manifold Assault
124416 | Pan      | Lost mutation: You are very robust. (+20% HP) [a cacodemon]
124434 | Pan      | Found an exit through the horrors of the Abyss.
124701 | Pan      | Noticed Dox Ybo the pandemonium lord
124735 | Pan      | Killed Dox Ybo the pandemonium lord
125559 | Pan      | Identified the +5 ring mail of the Battered Quests {rC++
                  | Stlth+}
125631 | Pan      | Noticed Hanlere the pandemonium lord
125659 | Pan      | Killed Hanlere the pandemonium lord
126185 | Pan      | Noticed Kaumumidgh the pandemonium lord
126417 | Pan      | Reached skill level 21 in Earth Magic
126449 | Pan      | Killed Kaumumidgh the pandemonium lord
127201 | Pan      | Found an exit through the horrors of the Abyss.
127345 | Pan      | Noticed Hiustif the pandemonium lord
127374 | Pan      | Killed Hiustif the pandemonium lord
127561 | Pan      | Noticed Meqecet the pandemonium lord
127566 | Pan      | Killed Meqecet the pandemonium lord
127567 | Pan      | Reached skill level 22 in Earth Magic
129370 | Pan      | Noticed Icassekh the pandemonium lord
129389 | Pan      | Killed Icassekh the pandemonium lord
130239 | Pan      | Found an exit through the horrors of the Abyss.
130333 | Pan      | Found a runed translucent door.
130712 | Pan      | Entered the realm of Mnoleg.
130751 | Pan      | Gained mutation: You are clumsy. (Dex -2) [a neqoxec]
130758 | Pan      | Gained mutation: You are vulnerable to cold. (rC-) [a
                  | shining eye]
130783 | Pan      | Noticed Mnoleg
130801 | Pan      | Gained mutation: You do not regenerate when monsters are
                  | visible. [a neqoxec]
130866 | Pan      | Found an exit through the horrors of the Abyss.
130879 | Pan      | Gained mutation: You are occasionally teleported next to
                  | monsters. [a cacodemon]
130883 | Pan      | Lost mutation: Your spells are a little harder to cast, but
                  | a little more powerful. [potion of mutation]
130883 | Pan      | Lost mutation: You are partially covered in iridescent
                  | scales. (AC +2) [potion of mutation]
130883 | Pan      | Lost mutation: You are robust. (+10% HP) [potion of
                  | mutation]
130883 | Pan      | Gained mutation: Armour fits poorly on your strangely
                  | shaped body. [potion of mutation]
130883 | Pan      | Lost mutation: You are dopey. (Int -2) [potion of mutation]
130883 | Pan      | Gained mutation: You have supernaturally acute eyesight.
                  | (SInv) [potion of mutation]
130884 | Pan      | Lost mutation: You have supernaturally acute eyesight.
                  | (SInv) [potion of mutation]
130884 | Pan      | Lost mutation: You are very weak. (Str -4) [potion of
                  | mutation]
130884 | Pan      | Lost mutation: You are clumsy. (Dex -2) [potion of
                  | mutation]
130884 | Pan      | Gained mutation: You have sharp toenails. [potion of
                  | mutation]
130884 | Pan      | Lost mutation: You are occasionally teleported next to
                  | monsters. [potion of mutation]
130884 | Pan      | Gained mutation: You possess an exceptional clarity of
                  | mind. [potion of mutation]
131069 | Pan      | Gained mutation: Your body sometimes deteriorates upon
                  | taking damage. [a cacodemon]
131094 | Pan      | Gained mutation: You occasionally lose the ability to drink
                  | potions when taking damage. [a neqoxec]
131150 | Pan      | Paralysed by a floating eye for 2 turns
131348 | Pan      | Gained mutation: You occasionally lose the ability to read
                  | scrolls when taking damage. [a cacodemon]
131371 | Pan      | Lost mutation: You possess an exceptional clarity of mind.
                  | [potion of mutation]
131371 | Pan      | Lost mutation: You occasionally lose the ability to read
                  | scrolls when taking damage. [potion of mutation]
131371 | Pan      | Lost mutation: You have sharp toenails. [potion of
                  | mutation]
131371 | Pan      | Gained mutation: You passively map a small area around you.
                  | [potion of mutation]
131371 | Pan      | Gained mutation: You are resistant to electric shocks.
                  | (rElec) [potion of mutation]
131372 | Pan      | Lost mutation: You occasionally lose the ability to drink
                  | potions when taking damage. [potion of mutation]
131372 | Pan      | Lost mutation: You are resistant to electric shocks.
                  | (rElec) [potion of mutation]
131372 | Pan      | Lost mutation: You are weak. (Str -2) [potion of mutation]
131485 | Pan      | Gained mutation: You occasionally shout uncontrollably at
                  | your foes. [a neqoxec]
131529 | Pan      | Killed Mnoleg
131585 | Pan      | Gained mutation: You sometimes lose your temper in combat.
                  | [a neqoxec]
131588 | Pan      | Gained mutation: You are vulnerable to heat. (rF-) [a
                  | neqoxec]
131620 | Pan      | Lost mutation: You sometimes lose your temper in combat. [a
                  | cacodemon]
131742 | Pan      | Gained mutation: You are frail. (-10% HP) [a neqoxec]
131784 | Pan      | Got a glowing rune of Zot
132685 | Pan      | Identified the +6 plate armour of Noubent {Stlth+}
133237 | Pan      | Identified the +7 tower shield of the Stag {rElec rF++
                  | rCorr Dex+2}
133923 | Pan      | Identified the +8 tower shield "Qoixif" {Regen+ Int-4 SInv}
134244 | Pan      | Reached skill level 23 in Earth Magic
134898 | Pan      | Identified the +3 sling of Cyckes {freeze, Str+3 Int+4
                  | Dex+4}
135069 | Pan      | Noticed a seraph
135083 | Pan      | HP: 10/221 [angel/+2 sacred scourge of holy wrath[a seraph]
                  | (24)]
135088 | Pan      | Killed a seraph
135313 | Pan      | Got the Compendium of Heresy
135319 | Pan      | Identified the staff of earth "Ketzawell" {Contam rElec
                  | rPois Str+5}
135407 | Pan      | Reached skill level 24 in Earth Magic
135794 | Pan      | Identified the -1 tower shield of Dithmenos, Supporting
                  | {+Blink rElec Will+ MP+9}
138812 | Pan      | Identified the +7 tower shield of the Unbroken {Rampage
                  | rElec rF- SInv}
140326 | Depths:2 | Escaped Pandemonium
140351 | Pan      | Entered the realm of Gloorx Vloq.
140351 | Pan      | Entered Pandemonium
140405 | Pan      | Found an exit through the horrors of the Abyss.
141849 | Pan      | Noticed Gloorx Vloq
141859 | Pan      | Killed Gloorx Vloq
141883 | Pan      | Got a dark rune of Zot
142263 | Pan      | Found an exit through the horrors of the Abyss.
143065 | Pan      | Found an exit through the horrors of the Abyss.
143603 | Pan      | Found an exit through the horrors of the Abyss.
144254 | Pan      | Entered the realm of Lom Lobon.
144254 | Pan      | Noticed Lom Lobon
144655 | Pan      | Found an exit through the horrors of the Abyss.
145817 | Pan      | Killed Lom Lobon
145822 | Pan      | Got a magical rune of Zot
147035 | Pan      | Found an exit through the horrors of the Abyss.
147429 | Pan      | Noticed Xiur the pandemonium lord
147440 | Pan      | Killed Xiur the pandemonium lord
147939 | Pan      | Reached skill level 10 in Necromancy
148213 | Pan      | Noticed Ritzoc the pandemonium lord
148229 | Pan      | Killed Ritzoc the pandemonium lord
148240 | Depths:2 | Escaped Pandemonium
148261 | Pan      | Entered the realm of Cerebov.
148261 | Pan      | Entered Pandemonium
148261 | Pan      | Found an exit through the horrors of the Abyss.
149461 | Pan      | Identified the ring of Qucahago {Wiz rElec rN+ rCorr Str-5}
149506 | Pan      | Identified the +1 demon trident of the Screaming Owl
                  | {flame, rCorr}
149506 | Pan      | Identified the ring "Noaq" {Wiz Slay+5}
149600 | Pan      | Identified the +5 scale mail "Urailar" {Str+5}
149771 | Pan      | Identified the staff of death "Leyniazi" {Fly rPois rN+
                  | Dex+3}
149772 | Pan      | Identified the staff of earth "Vuem" {Str-5 Dex+4}
150072 | Pan      | Found the +6 sword of Cerebov {flame}
150072 | Pan      | Noticed Cerebov
150243 | Pan      | Killed Cerebov
150294 | Pan      | Got a fiery rune of Zot
150382 | Pan      | Identified the +3 scale mail "Doihy Cev" {rC+ rCorr MP+9
                  | SInv}
150537 | Depths:2 | Escaped Pandemonium
150975 | Zot:2    | Killed Adanaf's ghost
151235 | Vaults:2 | Bought a potion of might for 116 gold pieces
151235 | Vaults:2 | Bought a scroll of enchant armour for 217 gold pieces
151235 | Vaults:2 | Bought a potion of brilliance for 116 gold pieces
151385 | Depths:1 | Bought a potion of heal wounds for 120 gold pieces
151385 | Depths:1 | Bought a scroll of summoning for 228 gold pieces
151385 | Depths:1 | Bought a potion of lignification for 72 gold pieces
151579 | Orc:2    | Bought a potion of curing for 33 gold pieces
151579 | Orc:2    | Bought a scroll of fog for 44 gold pieces
151579 | Orc:2    | Bought a scroll of enchant weapon for 82 gold pieces
151871 | Snake:4  | Bought a potion of curing for 42 gold pieces
151871 | Snake:4  | Bought a potion of heal wounds for 70 gold pieces
151871 | Snake:4  | Bought a potion of invisibility for 112 gold pieces
151871 | Snake:4  | Bought a potion of heal wounds for 70 gold pieces
151871 | Snake:4  | Bought a potion of might for 56 gold pieces
151871 | Snake:4  | Bought a potion of heal wounds for 70 gold pieces
151871 | Snake:4  | Bought a potion of flight for 42 gold pieces
151871 | Snake:4  | Bought a potion of heal wounds for 70 gold pieces
151873 | Snake:4  | Bought a potion of curing for 39 gold pieces
151873 | Snake:4  | Bought a potion of cancellation for 104 gold pieces
151873 | Snake:4  | Bought a potion of flight for 39 gold pieces
151873 | Snake:4  | Bought a potion of brilliance for 52 gold pieces
152250 | Elf:3    | Bought a potion of ambrosia for 264 gold pieces
152250 | Elf:3    | Bought a potion of curing for 99 gold pieces
152565 | Coc:1    | Entered Level 1 of Cocytus
152725 | Coc:1    | Paralysed by a wendigo for 1 turns
153120 | Coc:2    | Learned a level 5 spell: Yara's Violent Unravelling
153518 | Coc:3    | Killed from afar by a wendigo

Illustrated notes

Levels and vault maps discovered:
D:1:      giann_forest_graveyard, layout_basic, kennysheep_nondescript
D:2:      layout_rooms
D:3:      layout_basic, nicolae_overflow_ecumenical_swirl
D:4:      layout_gridville, amcnicky_altar_gilded, gup_sewer_entry_bowl,
          uniq_robin
D:5:      minmay_thinvault, layout_rooms, minmay_temple_entry_sparse_star,
          minmay_misc_feat_rugged, uniq_menkaure, uniq_pikel, uniq_grinder
D:6:      layout_gridville, mainiacjoe_overflow_alcove_1, lemuel_crystal_altar,
          grunt_temple_overflow_cloverleaf, serial_shops, shop,
          nicolae_ossuary_entry_ruins, uniq_edmund, uniq_duvessa
D:7:      layout_cave_pods, trog_book, mainiacjoe_overflow_boulevard,
          nicolae_lava_and_water
D:8:      layout_basic, nicolae_overflow_crystal_walls,
          gammafunk_ghost_nasty_kobolds, uniq_maggie
D:9:      layout_roguey [special_room_orc], chequers_serial_rivers_room_a,
          uniq_joseph, uniq_grum
D:10:     layout_cave_pods, serial_bayou, serial_bayou_lagoon_a,
          serial_bayou_shore_a, serial_bayou_crossing, serial_bayou_pond_c,
          serial_bayou_pond_b, uniq_sonja
D:11:     layout_roguey, lair_entry_dummy, zombieorc2_lemuel
D:12:     layout_small_grid, nicolae_uskayaw_murder_on_the_dancefloor,
          uniq_nessos
D:13:     layout_cave_pools, nicolae_titane, uniq_lodul
D:14:     minmay_the_grid_3x2 [minmay_the_grid_eight, minmay_the_grid_spin_star,
          minmay_the_grid_fan, minmay_the_grid_plusring, minmay_the_grid_spikes,
          minmay_the_grid_prize_four_corners_diamond_b], layout_layer_cave,
          ximxim_vaults_locker_room, lemuel_crystal_altar, grunt_ministairs_1,
          grunt_ogre_cave, door_vault, uniq_jorgrun, uniq_josephine
D:15:     hangedman_depths_entry_civil_slaughter, layout_loops_ring,
          portal_ice_cave_entry_pillars_four, uniq_roxanne
Lair:1:   wad_woods_structure_01, layout_chaotic_city
Lair:2:   layout_loops_ring
Lair:3:   layout_chaotic_city, elwin_shoals_entry_rocks,
          guppyfry_snake_entry_garden, basic_altar, bobbens_dragon_lair_wall
Lair:4:   layout_misc_corridors, nicolae_slime_entry_slimehenge,
          serial_bayou_pond_b, uniq_kirke
Lair:5:   minmay_lair_end_enchanted_forest, layout_gridlike,
          gammafunk_ghost_hive, nicolae_lair_grazing_beasts
          [nicolae_sub_lair_graze_edge, nicolae_sub_lair_graze_edge,
          nicolae_sub_lair_graze_edge, nicolae_sub_lair_graze_edge]
Shoals:1: layout_shoals, serial_nicolae_subway, nicolae_sub_station_stone,
          nicolae_sub_station_metal, nicolae_sub_station_crystal
Shoals:2: layout_shoals
Shoals:3: layout_shoals, centaur_isle
Shoals:4: shoals_end_hangedman, layout_shoals, uniq_louise, uniq_polyphemus
Snake:1:  layout_onion, grunt_megastairs_3, serial_bayou_shore_b
Snake:2:  layout_layer_cave, uniq_aizul
Snake:3:  layout_chambers
Snake:4:  snake_pit, layout_cave_shapes, serial_shops, nicolae_diamond_shop,
          minmay_shop_star
Slime:1:  layout_caves
Slime:2:  layout_caves, basic_altar
Slime:3:  layout_caves
Slime:4:  layout_caves
Slime:5
Orc:1:    layout_caves, serial_shops, shop_fountains, uniq_urug
Orc:2:    st_orc_elflike, layout_diamond_mine, enter_volcano_2,
          gauntlet_entry_generic, serial_shops, nicolae_shop_behind_doors,
          nicolae_shop_firing_range, uniq_snorg
Elf:1:    eino_elf_arrival_the_gate, layout_geoelf_octagon,
          minmay_elf_demonology, hangedman_elf_disciples, uniq_zenata,
          uniq_azrael, uniq_nikola, uniq_frances
Elf:2:    nicolae_elf_blades_crystal_corner, layout_loops_corners, serial_shops,
          nicolae_shop_gaudy_bauble, nicolae_elf_glassroom_feature,
          uniq_asterion
Elf:3:    minmay_elf_hall, layout_loops_corners, serial_shops, shop
Vaults:1: vaults_mumra_chevron, nicolae_vaults_double_plus_2,
          vaults_mumra_minichess, nicolae_vaults_quadrants,
          nicolae_vaults_double_plus_1, v_misc_3, nicolae_vaults_two_Ls,
          nicolae_vaults_closet_pinwheel_6, vaults_dpeg_hooks,
          nicolae_vaults_more_shelving_1, hangedman_vaults_impose,
          nicolae_vaults_sesquioval_fish, layout_vaults_chaotic_city
Vaults:2: v_rooms_4, hangedman_vaults_capsules, minmay_crypt_entry_simple_plaza,
          nicolae_vaults_double_plus_1, grunt_tower_of_power, vaults_dpeg_cross,
          hangedman_vaults_river_flow, nicolae_vaults_trapezoid_layered,
          vaults_dpeg_encased_lava, vaults_room_mumra_shop_pool,
          hangedman_vaults_impose, layout_vaults_omnibox, uniq_sojobo,
          uniq_saint_roka
Vaults:3: v_misc_30, v_misc_10, grunt_vaults_swirl,
          nicolae_vaults_oval_intersection, hangedman_vaults_impose,
          ontoclasm_vaults_loading_screen, layout_vaults_omnigrid
Vaults:4: portal_desolation_entry_twin_temple, ontoclasm_vaults_ligature,
          hangedman_vaults_corner_blocks, v_misc_11, vaults_dpeg_doors,
          nicolae_vaults_security_offices_6, nicolae_vaults_turnstiles,
          nicolae_vaults_house_2, nicolae_vaults_little_squares_5,
          ontoclasm_vaults_spin, nicolae_vaults_two_Ls, v_pattern_4,
          nicolae_vaults_two_Ls, nicolae_vaults_yaktaur_gun_rack,
          nicolae_vaults_little_ls, nicolae_vaults_gold_heap,
          layout_vaults_omnicross, uniq_mara
Vaults:5: uniq_frederick
Crypt:1:  layout_chaotic_city, roderic_lattice_octagonal_star,
          grunt_crypt_arrival_split
Crypt:2:  layout_regular_city, uniq_mennas
Crypt:3:  due_elkab, layout_chaotic_city, tomb_entry_shell_bobbens,
          serial_sigils_hangedman_leer, uniq_jory
Depths:1: layout_honeycomb, serial_shops, shop, kennysheep_mini, shop,
          nicolae_shop_scrapyard, shop, hellmouth_3, nicolae_ru_awakened_eye
Depths:2: minmay_four_inscribed_fans, layout_honeycomb,
          pf_hell_entry_tar_spiral, nicolae_kikubaaqudgha_miasma_corner,
          grunt_pan_entry_zigzag, kennysheep_generic_room_5
Depths:3: minmay_dotted_concentric_squares, layout_basic, enter_ziggurat_e,
          hell_entry, abyss_entry, interstate_on_off,
          nicolae_wu_jian_glorious_leap, infiniplex_staircase_zigzag_5,
          uniq_margery, uniq_josephina
Depths:4: grunt_zot_entry_tricorne, layout_gridlike, grunt_mini_vestibule,
          lemuel_blue_sif_altar, onia_ninara_cookie, minmay_shoptagon
Hell
Coc:1:    layout_cocytus_delve
Coc:2:    nooodl_cocytus_jagged_cave
Coc:3:    layout_cocytus_delve, nicolae_coc_melting_block
Zot:1:    infiniplex_zot_generator, layout_gridlike
Zot:2:    layout_onion, gammafunk_ghost_grave
Zot:3:    layout_onion
Zot:4:    kennysheep_spiral_hall, layout_gridlike
Zot:5:    layout_misc_corridors, hellmonk_ghost_happy_afterlife

Skill      XL: |  1  2  3  4  5  6  7  8  9 10 11 12 13 14 15 16 17 18 19 20 21 22 23 24 25 26 27 |
---------------+----------------------------------------------------------------------------------+-----
Conjurations   | 4 5 6 7 8 10 11 | 11.3
Spellcasting   | 5 7 9 11 14 15 16 19 22 | 22.2
Translocations | 4 7 10 11 | 11.0
Armour         | 6 7 8 10 13 15 16 20 | 20.1
Dodging        | 5 6 10 11 14 15 18 | 18.7
Shields        | 2 7 10 12 13 15 16 | 16.6
Fighting       | 5 7 11 13 15 17 19 20 21 | 21.2
Transmutations | 4 5 |  5.0
Earth Magic    | 4 5 8 11 13 16 18 20 24 | 24.0
Polearms       | 4 7 10 12 14 15 17 21 | 21.0
Necromancy     | 4 7 11 | 11.4
Stealth        | 3 5 9 |  9.9
Poison Magic   | 4 8 |  8.1

Action                     |  1- 3 |  4- 6 |  7- 9 | 10-12 | 13-15 | 16-18 | 19-21 | 22-24 | 25-27 || total
---------------------------+-------+-------+-------+-------+-------+-------+-------+-------+-------++-------
  Melee: Dagger            |       |    56 |    38 |   173 |       |       |       |       |       ||   267
         Punch             |       |       |     1 |       |       |       |       |       |       ||     1
         Staff             |       |       |       |   102 |   127 |    13 |       |       |       ||   242
         Lance             |       |       |       |       |    88 |    55 |  1378 |  2126 |  6896 || 10543
   Cast: Magic Dart        |    58 |   171 |   136 |       |       |       |       |       |       ||   365
         Searing Ray       |     3 |     8 |    78 |    13 |     2 |     6 |       |       |       ||   110
         Iskenderun's Myst |       |       |    14 |   330 |   719 |   663 |   222 |   194 |   211 ||  2353
         Fulminant Prism   |       |       |       |       |    20 |    33 |       |     8 |    10 ||    71
         Borgnjor's Vile C |       |       |       |       |     1 |    42 |    65 |   125 |   464 ||   697
         Stone Arrow       |       |       |       |       |       |   566 |    21 |       |     2 ||   589
         Olgreb's Toxic Ra |       |       |       |       |       |     1 |   601 |   170 |    24 ||   796
         Passage of Golubr |       |       |       |       |       |       |     1 |       |       ||     1
         Leda's Liquefacti |       |       |       |       |       |       |     1 |    10 |    11 ||    22
         Iron Shot         |       |       |       |       |       |       |       |    50 |   200 ||   250
         Ignite Poison     |       |       |       |       |       |       |       |    22 |     1 ||    23
         Statue Form       |       |       |       |       |       |       |       |     1 |       ||     1
         Shatter           |       |       |       |       |       |       |       |       |    65 ||    65
         Iskenderun's Batt |       |       |       |       |       |       |       |       |     7 ||     7
         Animate Armour    |       |       |       |       |       |       |       |       |     1 ||     1
         Manifold Assault  |       |       |       |       |       |       |       |       |    57 ||    57
  Evoke: Wand              |       |       |       |       |       |       |       |     3 |     3 ||     6
    Use: Potion            |       |       |     1 |     2 |     3 |     3 |    27 |     9 |    40 ||    85
         Scroll            |       |       |    10 |    14 |    13 |     6 |    25 |     4 |    36 ||   108
   Stab: Distracted        |       |       |       |     1 |       |       |       |       |     3 ||     4
         Sleeping          |       |       |       |       |     1 |       |    20 |     2 |       ||    23
         Paralysed         |       |       |       |       |       |       |       |       |     3 ||     3
         Petrified         |       |       |       |       |       |       |       |       |     3 ||     3
 Armour: Ring mail         |     3 |    41 |    37 |   137 |   188 |       |       |       |       ||   406
         Swamp dragon scal |       |       |       |       |    21 |   169 |   481 |       |       ||   671
         Shadow dragon sca |       |       |       |       |       |       |    21 |   118 |       ||   139
         Chain mail        |       |       |       |       |       |       |       |   626 |  1232 ||  1858
  Dodge: Dodged            |    13 |   103 |   193 |   228 |   288 |   218 |   659 |   822 |  1694 ||  4218
         Repelled          |       |       |       |       |       |       |    23 |    50 |    97 ||   170
  Block: Buckler           |       |       |     5 |    67 |     1 |       |       |       |       ||    73
         Kite shield       |       |       |       |       |   340 |    16 |       |       |       ||   356
         Tower shield      |       |       |       |       |       |   460 |  1418 |  1687 |  5118 ||  8683
